 Dungeon Crawl Stone Soup version 0.30.1-11-g7821555f0a (webtiles) character file.

Game seed: 8728652504155094149

43659669 raetorn the Archmage (level 27, 273/273 HPs)
             Began as a Meteoran Earth Elementalist on Nov 22, 2023.
             Was the Champion of Vehumet.
             Escaped with the Orb
             ... and 15 runes on Nov 23, 2023!
             The game lasted 04:14:57 (33450 turns).

raetorn the Archmage (Meteoran Earth Elementalist) Turns: 33450, Time: 04:14:57

Health: 273/273    AC: 19    Str: 10    XL:     27
Magic:  60/65      EV: 20    Int: 39    God:    Vehumet [******]
Gold:   11630      SH: 21    Dex: 18    Spells: 2/80 levels left

rFire   + + .        M - staff of air "Osocof" {rElec rPois rC++ rN+ Int-3}
rCold   + . .        n - +5 Storm Queen's Shield {shock, Fly rElec}
rNeg    + . .        B - +3 salamander hide armour {Flames, rFlCloud rF++ rC--}
rPois   +            p - +3 hat of Pondering {ponderous, Will+ MP+10 Int+5}
rElec   +            E - scarf "Nahugept" {shadows, Int+3}
rCorr   +            C - +3 pair of gauntlets of War {Slay+5}
SInv    .            y - +2 pair of boots
Will    ++++.        g - amulet of Vitality {RegenMP++ Regen++}
Stlth   +            r - ring of wizardry
HPRegen 2.25/turn    q - ring "Liast" {rC+ rCorr Int+6 Slay+3}
MPRegen 1.19/turn

%: wizardry (x1)
@: flying, glowing, studying 6 skills, slow
A: sense surroundings 3, otherworldly, glowing, explore regen, deterioration 1,
dopey 1, screaming 1
0: Orb of Zot
}: 15/15 runes: decaying, serpentine, slimy, silver, golden, iron, obsidian,
icy, bone, abyssal, demonic, glowing, magical, fiery, dark
a: Renounce Religion


You escaped.
You worshipped Vehumet.
Vehumet was exalted by your worship.
You visited 17 branches of the dungeon, and saw 86 of its levels.
You visited Pandemonium 1 time, and saw 19 of its levels.
You visited the Abyss 1 time.
You completed 1 ziggurat, and saw 27 of its levels.
You also visited: Bailey, Ice Cave and Desolation.

You collected 13545 gold pieces.
You spent 1915 gold pieces at shops.

Inventory:

Armour
 n - the +5 Storm Queen's Shield (worn) {shock, Fly rElec}
   (You found it on level 5 of the Lair of Beasts)

   Shock:     When it blocks an attack, it may electrocute the attacker.
   This works even against foes who are a short distance away.
   rElec:     It insulates you from electricity.
   Fly:       It grants you flight.
 o - a +2 helmet of see invisible
 p - the +3 hat of Pondering (worn) {ponderous, Will+ MP+10 Int+5}
   (You found it on level 20 of a ziggurat)

   Int:       It affects your intelligence (+5).
   MP:        It affects your magic capacity (+10).
   Will:      It increases your willpower.
 y - a +2 pair of boots (worn)
 B - the +3 salamander hide armour (worn) {Flames, rFlCloud rF++ rC--}
   (You found it on level 3 of the Lair of Beasts)

   Flames:    It surrounds you with flame clouds and enhances your fire magic.
   rFlCloud:  It grants immunity to flame clouds.
   rF:        It greatly protects you from fire.
   rC:        It makes you very vulnerable to cold.
 C - the +3 pair of gauntlets of War (worn) {Slay+5}
   (You acquired it on level 4 of the Snake Pit)

   Slay:      It affects your accuracy & damage with ranged weapons and melee
   (+5).
 E - the scarf "Nahugept" (worn) {shadows, Int+3}
   (You acquired it on level 1 of the Snake Pit)

   Int:       It affects your intelligence (+3).
 L - a +2 cloak of preservation
Magical Staves
 a - the staff of conjuration "Reliacsu" {rC+ Will+}
   (You took it off a deep elf high priest on level 5 of the Vaults)

   [staff of conjuration]

   Base accuracy: +5 Base damage: 5 Base attack delay: 1.2 This weapon's minimum
   attack delay (0.6) is reached at skill level 12.
   rC:        It protects you from cold.
   Will:      It increases your willpower.
   It falls into the 'Staves' category.
   It is a one-handed weapon.
 A - the staff of cold "Luediduq" {rF++ rC+ rN+ MP+9}
   (You found it in Pandemonium)

   [staff of cold]

   Base accuracy: +5 Base damage: 5 Base attack delay: 1.2 This weapon's minimum
   attack delay (0.6) is reached at skill level 12.
   rF:        It greatly protects you from fire.
   rC:        It protects you from cold.
   rN:        It protects you from negative energy.
   MP:        It affects your magic capacity (+9).
   It falls into the 'Staves' category.
   It is a one-handed weapon.
 M - the staff of air "Osocof" (weapon) {rElec rPois rC++ rN+ Int-3}
   (You found it on level 17 of a ziggurat)

   [staff of air]

   Base accuracy: +5 Base damage: 5 Base attack delay: 1.2 This weapon's minimum
   attack delay (0.6) is reached at skill level 12.
   Int:       It affects your intelligence (-3).
   rC:        It greatly protects you from cold.
   rElec:     It insulates you from electricity.
   rPois:     It protects you from poison.
   rN:        It protects you from negative energy.
   It falls into the 'Staves' category.
   It is a one-handed weapon.
Jewellery
 g - the amulet of Vitality (around neck) {RegenMP++ Regen++}
   (You found it on level 11 of a ziggurat)

   [amulet of magic regeneration]

   It increases your rate of magic regeneration.
   Regen:     It increases your rate of health regeneration.
 q - the ring "Liast" (right hand) {rC+ rCorr Int+6 Slay+3}
   (You found it on level 26 of a ziggurat)

   [ring of intelligence]

   Int:       It affects your intelligence (+6).
   Slay:      It affects your accuracy & damage with ranged weapons and melee
   (+3).
   rC:        It protects you from cold.
   rCorr:     It protects you from acid and corrosion.
 r - a ring of wizardry (left hand)
 F - the ring "Loezxij" {rPois SInv}
   (You found it on level 18 of a ziggurat)

   [ring of see invisible]

   rPois:     It protects you from poison.
   SInv:      It lets you see invisible.
 N - the ring of the Unkillable {rN+ Will+}
   (You found it on level 3 of the Elven Halls)

   [ring of positive energy]

   rN:        It protects you from negative energy.
   Will:      It increases your willpower.
 S - the ring "Sugrap" {rElec rF+++ rN+++ Will- Int+6}
   (You found it on level 5 of the Pits of Slime)

   [ring of intelligence]

   Int:       It affects your intelligence (+6).
   rF:        It renders you almost immune to fire.
   rElec:     It insulates you from electricity.
   rN:        It renders you almost immune to negative energy.
   Will:      It decreases your willpower.
 Y - the ring "Jah Uth" {Fly rC+ Dex+3}
   (You found it in the Desolation of Salt)

   [ring of flight]

   Dex:       It affects your dexterity (+3).
   rC:        It protects you from cold.
   Fly:       It grants you flight.
Wands
 x - a wand of digging (50)
 J - a wand of iceblast (86)
 K - a wand of light (83)
 O - a wand of charming (97)
 P - a wand of mindburst (57)
Scrolls
 c - 46 scrolls of teleportation
 d - 23 scrolls of fog
 i - 6 scrolls of silence
 l - 4 scrolls of blinking
 s - a scroll of magic mapping
 u - 6 scrolls of poison
 w - 4 scrolls of torment
 z - 3 scrolls of summoning
 G - 5 scrolls of amnesia
 V - 7 scrolls of immolation
 X - 8 scrolls of fear
Potions
 h - 2 potions of berserk rage
 j - 8 potions of ambrosia
 k - 30 potions of mutation
 m - 14 potions of cancellation
 t - 25 potions of curing
 v - 6 potions of might
 D - 7 potions of haste
 H - 4 potions of flight
 I - 8 potions of heal wounds
 R - 6 potions of resistance
 T - 3 potions of brilliance
 W - 9 potions of lignification
 Z - 5 potions of magic
Miscellaneous
 b - a box of beasts
 e - a tin of tremorstones (2/2)
 f - 2 +1 figurines of a ziggurat
 Q - a lightning rod (4/4)
 U - the horn of Geryon


   Skills:
 O Level 27 Fighting
 - Level 20.8 Staves
 + Level 14.6 Armour
 + Level 14.9 Dodging
 - Level 1.4 Stealth
 + Level 19.7 Shields
 O Level 27 Spellcasting
 O Level 27 Conjurations
 - Level 21.0 Summonings
 - Level 22.7 Necromancy
 - Level 12.0 Transmutations
 O Level 27 Fire Magic
 - Level 14.5 Ice Magic
 O Level 27 Air Magic
 O Level 27 Earth Magic
 - Level 8.0 Evocations


You had 2 spell levels left.
You knew the following spells:

 Your Spells              Type           Power      Damage    Failure   Level
a - Sandblast             Erth           100%       2d20      0%          1
b - Passwall              Tmut/Erth      97%        N/A       0%          2
c - Chain Lightning       Conj/Air       78%        3d104     1%          9
d - Fire Storm            Conj/Fire      78%        8d20      1%          9
e - Summon Horrible Thin  Summ           60%        N/A       1%          8
f - Death's Door          Necr           62%        N/A       2%          9
h - Shatter               Erth           66%        3d49*     1%          9
i - Iron Shot             Conj/Erth      66%        9d12      0%          6
j - Spellforged Servitor  Conj/Summ      63%        N/A       1%          7
k - Borgnjor's Vile Clut  Necr/Erth      64%        N/A       0%          5
l - Blink                 Tloc           100%       N/A       1%          2
m - Apportation           Tloc           100%       N/A       1%          1
n - Sublimation of Blood  Necr           100%       N/A       0%          2
o - Necromutation         Tmut/Necr      56%        N/A       1%          8

Your spell library contained the following spells:

 Spells                   Type           Power      Damage    Failure   Level
 Beastly Appendage        Tmut           100%       N/A       0%          1
 Foxfire                  Conj/Fire      100%       2x1d9     0%          1
 Kiss of Death            Conj/Necr      100%       2d13      0%          1
 Magic Dart               Conj           100%       1d8       0%          1
 Necrotise                Necr           100%       1d9       0%          1
 Shock                    Conj/Air       100%       1d9       0%          1
 Summon Small Mammal      Summ           100%       N/A       0%          1
 Call Imp                 Summ           100%       N/A       0%          2
 Cigotuvi's Dreadful Rot  Necr/Pois/Air  100%       N/A       0%          2
 Momentum Strike          Conj/Tloc      100%       3d10      0%          2
 Poisonous Vapours        Pois/Air       100%       N/A       0%          2
 Scorch                   Fire           100%       2d9       0%          2
 Searing Ray              Conj           100%       2d8       0%          2
 Static Discharge         Conj/Air       100%       2-7/arc   0%          2
 Wereblood                Tmut           98%        N/A       0%          2
 Slow                     Hex            100%       N/A       1%          1
 Sting                    Tmut/Pois      100%       1d8       1%          1
 Ensorcelled Hibernation  Hex/Ice        100%       N/A       1%          2
 Lesser Beckoning         Tloc           100%       N/A       1%          2
 Call Canine Familiar     Summ           100%       N/A       0%          3
 Dazzling Flash           Conj/Hex       100%       N/A       0%          3
 Frozen Ramparts          Ice            100%       1d16      0%          3
 Hailstorm                Conj/Ice       100%       3d20      0%          3
 Ignite Poison            Fire/Tmut/Pois 100%       N/A       0%          3
 Inner Flame              Hex/Fire       100%       N/A       0%          3
 Mephitic Cloud           Conj/Pois/Air  100%       N/A       0%          3
 Ozocubu's Armour         Ice            100%       N/A       0%          3
 Stone Arrow              Conj/Erth      100%       3d13      0%          3
 Swiftness                Air            100%       N/A       0%          3
 Vampiric Draining        Necr           100%       2d13      0%          3
 Vhi's Electric Charge    Tloc/Air       100%       N/A       0%          3
 Volatile Blastmotes      Fire/Tloc      100%       2d18      0%          3
 Airstrike                Air            78%        2d(12-28) 0%          4
 Animate Armour           Summ/Erth      100%       N/A       0%          4
 Animate Dead             Necr           100%       N/A       0%          4
 Dispel Undead            Necr           100%       3d31      0%          4
 Flame Wave               Conj/Fire      100%       2d21      0%          4
 Petrify                  Tmut/Erth      100%       N/A       0%          4
 Sticky Flame             Conj/Fire      100%       2d11      0%          4
 Summon Ice Beast         Ice/Summ       100%       N/A       0%          4
 Summon Lightning Spire   Summ/Air       100%       N/A       0%          4
 Agony                    Necr           100%       N/A       0%          5
 Arcjolt                  Conj/Air       78%        1d88      0%          5
 Fireball                 Conj/Fire      78%        3d29      0%          5
 Freezing Cloud           Conj/Ice/Air   74%        6-21      0%          5
 Irradiate                Conj/Tmut      58%        3d31      0%          5
 Iskenderun's Battlesphe  Conj           100%       2d15      0%          5
 Lee's Rapid Deconstruct  Erth           66%        3d30*     0%          5
 Conjure Ball Lightning   Conj/Air       78%        3x3d30    0%          6
 Death Channel            Necr           62%        N/A       0%          6
 Plasma Beam              Fire/Air       92%        2x1d121   0%          6
 Starburst                Conj/Fire      78%        6d20      0%          6
 Summon Cactus Giant      Summ           60%        N/A       0%          6
 Orb of Destruction       Conj           66%        9d16      0%          7
 Confusing Touch          Hex            51%        N/A       1%          3
 Gell's Gravitas          Tloc           51%        N/A       1%          3
 Portal Projectile        Hex/Tloc       100%       N/A       1%          3
 Spider Form              Tmut/Pois      78%        N/A       1%          3
 Summon Guardian Golem    Hex/Summ       94%        N/A       1%          3
 Teleport Other           Tloc           51%        N/A       1%          3
 Tukima's Dance           Hex            51%        N/A       1%          3
 Anguish                  Hex/Necr       48%        N/A       1%          4
 Fulminant Prism          Conj/Hex       51%        3d22      1%          4
 Ice Form                 Ice/Tmut       100%       N/A       1%          4
 Iskenderun's Mystic Bla  Conj/Tloc      100%       2d19      1%          4
 Leda's Liquefaction      Hex/Erth       51%        N/A       1%          4
 Olgreb's Toxic Radiance  Pois           51%        N/A       1%          4
 Alistair's Intoxication  Tmut/Pois      52%        N/A       1%          5
 Blade Hands              Tmut           49%        N/A       1%          5
 Metabolic Englaciation   Hex/Ice        41%        N/A       1%          5
 Silence                  Hex/Air        63%        N/A       1%          5
 Summon Forest            Summ/Tloc      47%        N/A       1%          5
 Summon Mana Viper        Hex/Summ       94%        N/A       1%          5
 Yara's Violent Unravell  Hex/Tmut       39%        3d16      1%          5
 Eringya's Noxious Bog    Tmut/Pois      39%        N/A       1%          6
 Simulacrum               Ice/Necr       57%        N/A       1%          6
 Statue Form              Tmut/Erth      78%        N/A       1%          6
 Haunt                    Necr/Summ      61%        N/A       1%          7
 Ozocubu's Refrigeration  Ice            52%        4d19      1%          7
 Storm Form               Tmut/Air       70%        N/A       1%          7
 Summon Hydra             Summ           60%        N/A       1%          7
 Borgnjor's Revivificati  Necr           62%        N/A       1%          8
 Ignition                 Fire           78%        3d20      1%          8
 Infestation              Necr           62%        N/A       1%          8
 Lehudib's Crystal Spear  Conj/Erth      66%        10d15     1%          8
 Maxwell's Capacitive Co  Air            78%        ∞         1%          8
 Cause Fear               Hex            25%        N/A       2%          4
 Manifold Assault         Tloc           51%        N/A       2%          4
 Passage of Golubria      Tloc           51%        N/A       2%          4
 Malign Gateway           Summ/Tloc      47%        N/A       2%          7
 Polar Vortex             Ice            52%        N/A       17%         9
 Dispersal                Tloc           25%        N/A       34%         6
 Enfeeble                 Hex            25%        N/A       88%         7
 Discord                  Hex            25%        N/A       100%        8
 Disjunction              Tloc           25%        N/A       100%        8


Dungeon Overview and Level Annotations

Branches:
Dungeon (15/15)            Temple (0/1) D:4            Lair (5/5) D:11
  Swamp (4/4) Lair:3        Snake (4/4) Lair:2        Slime (5/5) Lair:4
    Orc (2/2) D:9             Elf (3/3) Orc:2        Vaults (5/5) D:14
  Crypt (3/3) Vaults:3       Tomb (3/3) Crypt:3      Depths (4/4) D:15
   Hell (visited)             Dis (7/7) Hell            Geh (7/7) Hell
    Coc (7/7) Hell            Tar (7/7) Hell            Zot (5/5) Depths:4
 Bailey (visited)           IceCv (visited)         Desolation (visited)

Altars:
Dithmenos
Elyvilon
Fedhas
Hepliaklqana
Kikubaaqudgha
Okawaru
Qazlal
Ru
Sif Muna
Vehumet
Wu Jian
Yredelemnul
The Shining One

Shops:
D:3 !   D:5 =   D:7 (   D:9 *   D:12 *   Orc:2 *([:   Snake:3 *   Snake:4 :*
Depths:3 :=:

Portals:
Hell: Depths:1 Depths:3
Abyss: Depths:3
Pandemonium: Depths:2

Annotations:
D:8 Pikel
D:15 1 transporter
Coc:7 exclusion: ice statue


Innate Abilities, Weirdness & Mutations

You passively map a large area around you.
You are easily found by Zot.
You glow in the dark.
You regain HP and MP as you explore.
Your body sometimes deteriorates upon taking damage.
You are dopey. (Int -2)
You occasionally shout uncontrollably at your foes.


Message History

The bolt of lightning hits the hellion!!!!!
You kill the hellion!
Vehumet accepts your kill.
You feel your power returning.
You hear an angry hiss.
(D) Dungeon (T) Temple (L) Lair (S) Swamp (P) Snake Pit (M) Slime Pits (O) Orcish Mines (E) Elven Halls (V) Vaults (C) Crypt (W) Tomb (U) Depths (H) Hell (I) Dis (G) Gehenna (X) Cocytus (Y) Tartarus (Z) Zot
Where to? (Enter - D:1 @ (x,y), ? - help)
What level of the Lair of Beasts? (default 1, ? - help)
Okay, then.
An Orb Guardian comes into view.
An Orb Guardian is nearby!
An Orb Guardian is nearby!
Casting: Chain Lightning (mildly dangerous; 1% risk of failure)
Confirm with . or Enter, or press ? or * to list all spells.
You feel a surge of power! Lightning arcs from your hands!
The bolt of lightning hits the Orb Guardian!!
The Orb Guardian is moderately wounded.
Casting: Chain Lightning (mildly dangerous; 1% risk of failure)
Confirm with . or Enter, or press ? or * to list all spells.
You feel a surge of power! Lightning arcs from your hands!
The bolt of lightning hits the Orb Guardian!!!!
You kill the Orb Guardian!
Vehumet accepts your kill.
You feel your power returning.
A ball python comes into view.
There is a staircase leading out of the dungeon here.
Casting: Chain Lightning (mildly dangerous; 1% risk of failure)
Confirm with . or Enter, or press ? or * to list all spells.
Aiming: Sandblast (safe; 0% risk of failure)
Press: ? - help, Shift-Dir - straight line, f - ball python
Aim: a ball python (84% to hit)
The blast of sand hits the ball python!!
You kill the ball python!
Vehumet accepts your kill.
You feel your power returning.
You have escaped!

.....#......#...#...#.........#
.....##..#...#..#..#...#......#
..........#..#..#..#..#.......###
...........#..#.#.#..#...........
........#...#.#.#.#.#...#.....#..
.........##..#.#.#.#..##......#.#
...........##.#...#.##........#.#
.............#.°°..#.............
.......######°.○@☼..######....#.#
.............#.°°○.#.............
.....#.....##.#...#.##[......#..#
.....#...##..#†#.#.#..##.....#...
.....#..#...#.#.#.#.#.).#....#.##
...>.......#..#.#.#..#.......#.#
..........#..#..#..#..#......#.#
...##....#...#..#..#...#.....#.#
...........,#.. #...#......#.#.#


There were no monsters in sight!

Vanquished Creatures
  Cerebov (Pan)
  Antaeus (Coc:7)
  Asmodeus (Geh:7)
  the Royal Jelly (Slime:5)
  Ignacio (Pan)
  Gloorx Vloq (Pan)
  Lom Lobon (Pan)
  Mnoleg (Pan)
  Dispater (Dis:7)
  4 ancient liches
  5 dread liches
  3 orbs of fire
  Mennas (Vaults:5)
  27 juggernauts
  28 royal mummies
  The ghost of quaternion the Impregnable, a veteran MiFi of Makhleb (Vaults:4)
  27 shard shrikes
  Geryon (Hell)
  9 Killer Klowns (Zot:5)
  18 caustic shrikes
  A curse toe (Zot:5)
  8 golden dragons
  8 pandemonium lords
  Jory (Vaults:4)
  12 profane servitors
  13 bone dragons
  9 pearl dragons (Zig:22)
  19 Tzitzimimeh
  9 doom hounds
  12 Brimstone Fiends
  2 electric golems (Zot:5)
  7 iron giants
  19 Hell Sentinels
  33 Ice Fiends
  11 hellephants
  3 tentacled monstrosities
  8 tainted leviathans
  30 Orb Guardians
  Mlioglotl (Lair:3)
  7 liches
  2 deep elf blademasters (Elf:3)
  3 quicksilver dragons
  2 deep elf master archers (Elf:3)
  13 titans
  15 acid blobs
  5 sphinxes
  An eldritch tentacle (Tomb:3)
  22 tentacled starspawn
  22 Executioners
  26 ancient champions
  15 searing wretches
  Kirke (D:13)
  3 death cobs
  7 draconian monks
  8 shadow dragons
  3 storm dragons
  5 tengu reavers
  22 nagarajas
  18 fire giants
  Donald (Snake:4)
  10 daevas
  2 fenstrider witches
  20 draconian knights
  An emperor scorpion (Zig:12)
  23 narguns
  8 revenants
  7 iron dragons
  Louise (Snake:4)
  12 rockslimes
  12 vault wardens
  30 frost giants
  35 balrugs
  15 azure jellies
  4 deep elf sorcerers (Elf:3)
  4 demonspawn warmongers
  11 quicksilver elementals
  3 juggernaut zombies
  8 draconian scorchers
  15 ghost moths
  7 draconian shifters
  5 ghouls
  3 spectral caustic shrikes
  2 shard shrike simulacra
  9 angels
  29 orc warlords
  21 cacodemons
  6 demonspawn blood saints
  8 curse skulls
  5 deep elf elementalists
  5 draconian stormcallers
  2 spriggan defenders (Depths:3)
  7 ironbound thunderhulks
  3 draconian annihilators
  17 very ugly things
  2 juggernaut skeletons (Crypt:3)
  10 quicksilver oozes
  7 demonspawn corrupters
  2 caustic shrike skeletons (Crypt:3)
  10 vampire knights
  5 apis (Zig:22)
  13 ironbound preservers
  7 ophanim (Zig:22)
  12 reapers
  29 war gargoyles
  5 green draconians
  15 putrid mouths
  4 eleionomae
  19 stone giants
  6 black draconians
  12 lorocyprocas
  15 demonspawn black suns
  23 elemental wellsprings
  8 deep elf demonologists
  4 halazid warlocks
  25 starcursed masses
  4 bennus (Tomb:3)
  4 dire elephants
  8 yellow draconians
  7 deep elf annihilators
  9 red draconians
  The ghost of Valeaz the Severer, a journeyman MiFi of Gozag (Swamp:1)
  7 white draconians
  24 wendigos
  3 bunyips
  8 purple draconians
  11 spark wasps
  6 eidola
  28 blizzard demons
  8 green deaths
  10 ettins
  9 jiangshi
  4 fire dragons
  5 entropy weavers
  Snorg (D:10)
  10 mummy priests
  2 deep elf high priests
  10 iron golems
  14 yaktaur captains
  9 great orbs of eyes
  4 crystal guardians
  Josephine (D:12)
  14 deep elf death magi
  3 shambling mangroves
  5 ragged hierophants (Desolation)
  5 spectral spriggans
  9 servants of whispers (Desolation)
  3 quicksilver dragon skeletons (Crypt:3)
  A spriggan zombie (Depths:3)
  34 hydras
  Erolcha (Orc:2)
  14 ice dragons
  39 vault guards
  A fenstrider witch zombie (Crypt:2)
  5 rakshasas
  5 ghost crabs
  35 salamander tyrants
  6 caustic shrike simulacra
  3 peacekeepers
  A fenstrider witch skeleton (Pan)
  An elf skeleton (Pan)
  8 juggernaut simulacra
  Erica (D:11)
  7 ironbound frosthearts
  3 spriggan skeletons
  A spriggan air mage (Depths:1)
  3 catoblepae
  6 centaur warriors
  2 jorogumos
  5 boulder beetles
  3 radroaches (Zig:15)
  9 anacondas
  6 hell beasts
  2 ogre magi
  A radroach (shapeshifter) (Zig:14)
  10 alligators
  4 dancing weapons
  A merfolk avatar (Abyss:3)
  8 stokers
  16 death yaks
  4 two-headed ogres
  50 death scarabs
  7 deep troll shamans
  12 naga warriors
  7 deep troll earth magi
  33 orc high priests
  8 tengu warriors
  A spectral naga (Tar:2)
  3 vampire magi
  28 hell hogs
  2 spriggan berserkers (Depths:3)
  A titan zombie (Crypt:2)
  13 thrashing horrors
  A death knight (D:14)
  21 soul eaters
  11 hell knights
  8 shock serpents
  15 spriggans
  Sonja (Orc:2)
  25 iron trolls
  8 naga sharpshooters
  5 deep elf knights
  9 crystal echidnas
  2 salamander mystics (Snake:4)
  70 sun demons
  4 pharaoh ants
  3 titan skeletons
  16 wretched stars
  15 shadow wraiths
  A sun moth (Zig:15)
  A death drake (shapeshifter) (Depths:3)
  15 sixfirhies
  A spectral anaconda (Tar:6)
  9 goliath frogs
  A ghost moth zombie (Crypt:2)
  43 skeletal warriors
  3 spatial maelstroms (Zig:19)
  2 death drakes (Zig:13)
  An iron giant zombie (Hell)
  3 sea snakes (Snake:4)
  12 swamp dragons
  5 naga ritualists
  5 glowing orange brains
  2 flayed ghosts
  5 quicksilver dragon simulacra
  11 cherubim (Zig:22)
  10 spriggan druids
  33 deep trolls
  8 orb spiders
  2 anaconda zombies (Hell)
  3 lindwurms
  A kraken simulacrum (Hell)
  A spriggan rider (Depths:3)
  A tengu zombie (Depths:3)
  5 deep elf archers
  3 shadow demons
  11 bog bodies
  A harpy (Vaults:2)
  10 wizards
  11 necromancers
  An orange crystal statue (D:14)
  14 phantasmal warriors
  A bunyip skeleton (Crypt:3)
  16 ironbound convokers
  An orb spider (shapeshifter) (Vaults:5)
  3 steelbarb worms
  8 deep elf zephyrmancers
  15 orc knights
  2 sphinx zombies (Depths:2)
  26 orc sorcerers
  2 anaconda skeletons
  5 deep elf pyromancers
  A shining eye (shapeshifter) (Vaults:5)
  7 mana vipers
  A frost giant zombie (Depths:2)
  23 ugly things
  An iron dragon zombie (Crypt:1)
  A fire giant zombie (Depths:3)
  8 will-o-the-wisps
  A shadow dragon skeleton (Depths:2)
  8 wolf spiders
  6 manticores
  4 cyclopes
  A moth of wrath (shapeshifter) (D:14)
  A stone giant zombie (Hell)
  4 shining eyes
  3 salamanders
  2 sphinx skeletons
  2 oklob plants (Lair:4)
  A worldbinder (Abyss:2)
  A spectral ettin (Tar:2)
  A spectral centaur (Tar:2)
  2 frost giant skeletons
  An iron dragon skeleton (Depths:2)
  35 moths of wrath
  16 vault sentinels
  A cyclops (shapeshifter) (Depths:4)
  12 molten gargoyles
  Maurice (D:8)
  4 torpor snails
  2 apocalypse crabs (Abyss:2)
  25 black mambas
  2 eyes of devastation (Slime:5)
  24 elephants
  30 smoke demons
  10 ice statues
  Maggie (D:6)
  A dire elephant zombie (Crypt:3)
  25 orange demons
  5 titan simulacra
  A torpor snail (shapeshifter) (Vaults:5)
  A water nymph (shapeshifter) (Depths:3)
  9 guardian serpents
  A black draconian zombie (Crypt:1)
  16 naga magi
  5 demonic crawlers
  2 dire elephant skeletons
  A storm dragon simulacrum (Zig:20)
  10 rust devils
  10 cane toads
  An alligator snapping turtle skeleton (Crypt:2)
  33 hellions
  4 unseen horrors
  3 efreet
  15 freezing wraiths
  3 kobold demonologists
  3 centaur skeletons (Crypt:3)
  5 anaconda simulacra
  18 yaktaurs
  11 rime drakes
  2 tengu conjurers
  2 iron giant simulacra
  5 komodo dragons
  22 ice devils
  A sea snake zombie (Crypt:2)
  A catoblepas skeleton (Pan)
  A green draconian zombie (Crypt:1)
  A bunyip simulacrum (Coc:2)
  27 tormentors
  26 guardian mummies
  A sea snake skeleton (Hell)
  3 golden dragon simulacra
  4 red devils
  A polar bear (shapeshifter) (Vaults:5)
  A silent spectre (Tar:6)
  13 ancient zymes
  A harpy zombie (Abyss:2)
  9 hellwings
  4 spectral harpies
  3 bloated husks
  21 hornets
  A hydra skeleton (Hell)
  3 meliai (D:15)
  3 polar bears
  55 large abominations
  2 shadow dragon simulacra
  A mana viper skeleton (Crypt:3)
  2 tarantellas (shapeshifter)
  13 raiju
  A boulder beetle zombie (Crypt:3)
  40 saltlings (Desolation)
  12 trolls
  Prince Ribbit (D:6)
  5 dream sheep
  11 harpy skeletons
  A tarantella (Zig:12)
  An ettin zombie (Hell)
  19 blink frogs
  3 sphinx simulacra
  A spectral black mamba (Tar:2)
  6 tyrant leeches
  2 stone giant simulacra
  2 iron dragon simulacra (Coc:4)
  Sigmund (D:2)
  80 slime creatures
  2 jumping spiders (Zig:12)
  2 air elementals
  3 culicivoras
  24 flying skulls
  2 centaur simulacra
  20 ynoxinuls
  6 dire elephant simulacra
  11 water elementals
  4 wyverns
  A vampire (D:12)
  An ice dragon skeleton (Crypt:2)
  12 ushabtiu
  A culicivora (shapeshifter) (Elf:1)
  7 shadows
  A human (D:13)
  12 wraiths
  4 hogs (D:13)
  A fire bat (shapeshifter) (Vaults:5)
  48 yaks
  A steam dragon (D:9)
  22 neqoxecs
  15 golden eyes
  3 vampire mosquitoes
  12 chaos spawn (Pan)
  3 redbacks
  3 basilisks
  A sea snake simulacrum (Hell)
  A death yak simulacrum (IceCv)
  3 glowing shapeshifter zombies (Depths:3)
  A naga zombie (Crypt:3)
  13 harpy simulacra
  9 wargs
  An acid dragon (D:9)
  14 swamp worms
  32 nagas
  15 water moccasins
  2 floating eyes (Pan)
  A hydra simulacrum (Coc:2)
  A nameless horror (Snake:4)
  4 hell hounds (Hell)
  2 demonspawn skeletons (Crypt:2)
  3 naga skeletons
  5 swamp drakes (Swamp:4)
  79 orc warriors
  2 ettin simulacra
  A glowing shapeshifter skeleton (Depths:3)
  10 ice beasts
  27 small abominations
  4 black bears
  A sky beast (D:8)
  4 boggarts (D:14)
  14 wolves
  28 ogres
  20 centaurs
  3 phantoms
  A kobold brigand (D:10)
  4 bullfrogs
  2 gnoll sergeants
  6 necrophages
  6 scorpions
  2 cane toad simulacra (IceCv)
  2 glowing shapeshifter simulacra (Zig:26)
  3 two-headed ogre simulacra
  A water moccasin zombie (Crypt:1)
  12 wights
  2 troll zombies (D:9)
  10 killer bees
  A troll skeleton (Crypt:1)
  An electric eel (Lair:4)
  2 howler monkeys
  A wolf skeleton (Crypt:3)
  2 quasits
  30 orc priests
  A sleepcap (D:5)
  An iron imp (Abyss:2)
  3 jellies
  Crazy Yiuf (D:7)
  3 gnoll boudas
  3 iguanas
  41 orc wizards
  7 spriggan simulacra
  2 troll simulacra (IceCv)
  2 polar bear simulacra (IceCv)
  An ice beast zombie (Crypt:2)
  4 ogre zombies (D:9)
  18 mummies
  25 gnolls
  4 naga simulacra
  10 adders
  A steam dragon zombie (Crypt:3)
  A shadow imp (D:4)
  2 white imps
  8 ufetubi
  6 worms
  4 dart slugs
  125 orcs
  4 bats
  7 endoplasms
  2 giant cockroaches
  4 goblins
  3 hobgoblins
  6 jackals
  7 kobolds
  3 quokkas
  9 ball pythons
  4 frilled lizards
  A frilled lizard skeleton (Crypt:2)
  A giant cockroach zombie (Crypt:2)
  A goblin skeleton (D:9)
  3 goblin zombies (D:9)
  A hobgoblin zombie (D:9)
  A kobold skeleton (Crypt:3)
  5 orc skeletons (D:9)
  9 orc zombies (D:9)
  A quokka zombie (Crypt:3)
  8 rats
  A rat zombie (Crypt:3)
  3 creeping infernos
  2 lurking horrors (Abyss:2)
  7 starspawn tentacles
4125 creatures vanquished.

Vanquished Creatures (collateral kills)
  A juggernaut (Zig:23)
  A royal mummy (Tomb:1)
  2 bone dragons (Tar:5)
  A tentacled monstrosity (Vaults:5)
  A lich (Tomb:3)
  A titan (Vaults:5)
  2 sphinxes
  A tengu reaver (Vaults:5)
  5 nagarajas
  2 storm dragons
  An azure jelly (Coc:7)
  An iron dragon (Dis:3)
  2 quicksilver elementals (Dis:7)
  An imperial myrmidon (Desolation)
  4 vault wardens
  3 frost giants
  3 cacodemons
  A deep elf sorcerer (Vaults:4)
  A deep elf elementalist (Elf:3)
  4 ironbound preservers
  An orc warlord (Vaults:4)
  6 ironbound thunderhulks
  An apis (Zig:22)
  A deep elf demonologist (Elf:3)
  3 deep elf annihilators (Elf:3)
  A bunyip (Swamp:4)
  5 stone giants (Vaults:5)
  2 dire elephants
  An iron golem (Zig:10)
  A crystal guardian (Desolation)
  2 deep elf death magi
  2 ettins
  A green death (Zig:21)
  A yaktaur captain (Vaults:5)
  A fire dragon (Depths:2)
  A ragged hierophant (Desolation)
  A deep elf high priest (Vaults:5)
  2 servants of whispers (Desolation)
  A great orb of eyes (Vaults:2)
  4 peacekeepers (Desolation)
  2 vault guards (Vaults:2)
  An ogre mage (Vaults:5)
  2 ironbound frosthearts
  5 anacondas
  A spriggan air mage (Depths:2)
  A boulder beetle (Vaults:2)
  An alligator (Swamp:4)
  3 dancing weapons (Elf:3)
  A death scarab (Tomb:3)
  A naga warrior (Snake:4)
  A naga sharpshooter (Snake:4)
  A deep troll earth mage (Depths:2)
  A crystal echidna (Dis:3)
  3 sun demons (Pan)
  A spectral anaconda (Tar:5)
  A soul eater (Pan)
  A skeletal warrior (D:12)
  4 sea snakes (Snake:4)
  A large abomination (Abyss:3)
  8 deep trolls
  4 swamp dragons (Swamp:4)
  3 bog bodies (Swamp:4)
  A naga ritualist (Snake:4)
  4 ironbound convokers
  2 phantasmal warriors (Vaults:5)
  An orange crystal statue (Elf:1)
  4 deep elf pyromancers
  4 deep elf zephyrmancers
  A mana viper (Snake:4)
  4 ugly things
  10 salamanders
  A vault sentinel (Vaults:2)
  10 black mambas
  5 guardian serpents
  A molten gargoyle (Desolation)
  4 naga magi
  5 orange demons (Pan)
  A titan simulacrum (Zig:26)
  A cane toad (shapeshifter) (Depths:2)
  A demonic crawler (Pan)
  A tormentor (Pan)
  A yaktaur (Vaults:4)
  A guardian mummy (Tomb:3)
  2 red devils (D:11)
  An ice devil (Zig:26)
  A hornet (Swamp:2)
  24 saltlings (Desolation)
  A slime creature (D:12)
  A spriggan (Swamp:2)
  A wraith (D:12)
  A neqoxec (Pan)
  A vampire mosquito (D:14)
  7 nagas
  A swamp worm (Swamp:4)
  2 swamp drakes (Swamp:4)
  A centaur (D:14)
  An earth elemental (Elf:3)
  2 orc priests (Orc:2)
  A mummy (Tomb:3)
  An orc (Orc:2)
235 creatures vanquished.

Vanquished Creatures (others)
  A juggernaut simulacrum (Coc:2)
  A spriggan simulacrum (Coc:3)
  A torpor snail (Zig:12)
  A rime drake (Zig:17)
  An anaconda simulacrum (Coc:4)
  A gnoll (D:9)
  114 fire vortices
  12 foxfires
  10 starspawn tentacles
  4 tentacles (Hell)
146 creatures vanquished.

Grand Total: 4506 creatures vanquished

Notes
Turn   | Place    | Note
-------+----------+-------------------------------------------
     0 | D:1      | raetorn the Meteoran Earth Elementalist began the quest for
                  | the Orb.
     0 | D:1      | Reached XP level 1. HP: 14/14 MP: 5/5
     8 | D:1      | HP: 13/14 [goblin/+0 dagger (1)]
    53 | D:2      | HP: 13/14 [endoplasm (1)]
   119 | D:1      | Reached XP level 2. HP: 20/20 MP: 5/7
   128 | D:1      | Learned a level 2 spell: Passwall
   190 | D:2      | Noticed Sigmund
   195 | D:2      | HP: 13/20 [something/magic dart (7)]
   258 | D:2      | HP: 12/20 [Sigmund/puff of flame (8)]
   261 | D:2      | Killed Sigmund
   262 | D:2      | Reached skill level 5 in Spellcasting
   262 | D:2      | Reached skill level 5 in Earth Magic
   262 | D:2      | Reached XP level 3. HP: 10/26 MP: 1/10
   262 | D:2      | Reached XP level 4. HP: 13/33 MP: 1/12
   262 | D:2      | Reached XP level 5. HP: 15/38 MP: 1/13
   262 | D:2      | Reached XP level 6. HP: 18/45 MP: 1/14
   388 | D:1      | HP: 44/45 [bat (1)]
   403 | D:1      | HP: 44/45 [jackal (1)]
   447 | D:1      | Learned a level 3 spell: Stone Arrow
   452 | D:1      | Learned a level 4 spell: Petrify
   574 | D:2      | Found a faded altar of an unknown god.
   593 | D:2      | HP: 44/45 [ball python (1)]
   741 | D:2      | HP: 43/45 [kobold/stone (2)]
   856 | D:3      | Reached skill level 1 in Conjurations
   935 | D:3      | HP: 42/45 [orc/+0 mace (3)]
  1003 | D:3      | Found a radiant altar of Vehumet.
  1004 | D:3      | HP: 44/45 [dart slug (1)]
  1044 | D:3      | Became a worshipper of Vehumet
  1104 | D:3      | HP: 39/45 [orc/+0 trident (6)]
  1117 | D:3      | Found Efoykhlikk's Distillery.
  1125 | D:3      | Bought a potion of curing for 30 gold pieces
  1165 | D:3      | Reached XP level 7. HP: 50/50 MP: 14/16
  1303 | D:4      | Found an iron altar of Okawaru.
  1305 | D:4      | HP: 45/50 [gnoll/+0 spear (5)]
  1343 | D:4      | Found a staircase to the Ecumenical Temple.
  1392 | D:4      | HP: 49/50 [quokka (1)]
  1444 | D:4      | HP: 46/50 [dart slug/slug dart (4)]
  1533 | D:5      | Entered Level 5 of the Dungeon
  1533 | D:5      | Found Jutwifey's Jewellery Shoppe.
  1576 | D:5      | Reached XP level 8. HP: 57/57 MP: 12/18
  1695 | D:5      | Reached * piety under Vehumet
  1695 | D:5      | Offered knowledge of Kiss of Death by Vehumet.
  1895 | D:5      | Found a white marble altar of Elyvilon.
  1938 | D:5      | Found a basalt altar of Yredelemnul.
  1943 | D:5      | Found a glowing golden altar of the Shining One.
  1944 | D:5      | HP: 54/57 [phantom (3)]
  1944 | D:5      | Noticed a profane servitor
  1952 | D:5      | Noticed an angel
  2186 | D:6      | Noticed Maggie
  2187 | D:6      | HP: 51/57 [Maggie/puff of flame (6)]
  2197 | D:6      | HP: 38/57 [Maggie/puff of flame (9)]
  2211 | D:7      | Found a stormy altar of Qazlal.
  2236 | D:7      | HP: 51/57 [wight/+0 war axe (2)]
  2238 | D:7      | Reached skill level 5 in Conjurations
  2242 | D:7      | Gained mutation: You passively map the area around you.
                  | [Meteoran growth]
  2242 | D:7      | Reached XP level 9. HP: 58/62 MP: 11/21
  2244 | D:7      | HP: 52/62 [wight/+0 long sword (8)]
  2256 | D:6      | HP: 48/62 [Maggie/puff of flame (8)]
  2259 | D:6      | Killed Maggie
  2395 | D:6      | Found a shimmering blue altar of Sif Muna.
  2569 | D:7      | Noticed Prince Ribbit
  2572 | D:6      | Offered knowledge of Foxfire by Vehumet.
  2573 | D:6      | Reached ** piety under Vehumet
  2614 | D:7      | HP: 60/62 [poisoned by an orc]
  2619 | D:6      | HP: 34/62 [Prince Ribbit (2)]
  2621 | D:6      | Killed Prince Ribbit
  2713 | D:7      | HP: 60/62 [orc/+0 flail (2)]
  2718 | D:7      | HP: 45/62 [centaur/arrow (8)]
  2730 | D:7      | Found Notoc's Weapon Shop.
  2732 | D:7      | HP: 58/62 [something/puff of flame (1)]
  2738 | D:7      | HP: 51/62 [something/puff of flame (6)]
  2791 | D:7      | Reached XP level 10. HP: 69/69 MP: 14/24
  2842 | D:7      | HP: 54/69 [orc priest/divine providence (15)]
  2888 | D:7      | Found a runed translucent door.
  2889 | D:7      | Noticed Crazy Yiuf
  2893 | D:7      | Killed Crazy Yiuf
  2918 | D:7      | HP: 56/69 [orc priest/divine providence (13)]
  3020 | D:7      | Offered knowledge of Momentum Strike by Vehumet.
  3036 | D:7      | Reached skill level 10 in Earth Magic
  3090 | D:8      | Found a blossoming altar of Fedhas.
  3123 | D:8      | HP: 64/69 [yak (5)]
  3130 | D:8      | Reached skill level 10 in Spellcasting
  3130 | D:8      | HP: 61/69 [yak (5)]
  3138 | D:8      | HP: 52/69 [yak (1)]
  3151 | D:8      | HP: 57/69 [yak (12)]
  3166 | D:8      | Found an ornate altar of the Wu Jian Council.
  3170 | D:8      | HP: 67/69 [killer bee (2)]
  3176 | D:8      | Reached *** piety under Vehumet
  3176 | D:8      | HP: 68/69 [wight/+0 dagger (1)]
  3193 | D:8      | Noticed Maurice
  3194 | D:8      | HP: 61/69 [Maurice/iceblast (8)]
  3203 | D:8      | HP: 61/69 [Maurice/iceblast (3)]
  3204 | D:8      | Killed Maurice
  3220 | D:8      | Found a flagged portal.
  3253 | Bailey   | Entered a bailey
  3351 | Bailey   | Got Sif Muna's Parchment of Conflagration
  3405 | Bailey   | Reached XP level 11. HP: 74/74 MP: 22/27
  3467 | Bailey   | HP: 72/74 [orc warrior/+0 spear (2)]
  3471 | Bailey   | Offered knowledge of Fulminant Prism by Vehumet.
  3566 | D:8      | HP: 72/74 [poisoned by a kobold brigand]
  3568 | D:8      | Noticed Pikel
  3571 | D:7      | HP: 64/74 [orc/+0 hand axe (6)]
  3635 | D:8      | Found a hazy altar of Hepliaklqana.
  3636 | D:8      | Found a shadowy altar of Dithmenos.
  3653 | D:9      | Found Umnitoc's Assorted Antiques.
  3663 | D:9      | Bought a scroll labelled XUOMOWA AKICKE for 32 gold pieces
  3667 | D:9      | Bought an ancient robe for 182 gold pieces
  3667 | D:9      | Identified the +0 robe of Muttered Phrases {rElec Str+2}
                  | (You bought it in a shop on level 9 of the Dungeon)
  3688 | D:9      | Noticed a two-headed ogre
  3693 | D:9      | HP: 67/74 [two-headed ogre/+0 giant club (7)]
  3694 | D:9      | Killed a two-headed ogre
  3695 | D:9      | Reached skill level 10 in Conjurations
  3776 | D:9      | Reached **** piety under Vehumet
  3777 | D:9      | HP: 63/74 [orc priest/nerve-wracking pain (11)]
  3782 | D:9      | Offered knowledge of Volatile Blastmotes by Vehumet.
  3797 | D:9      | HP: 66/74 [troll zombie (6)]
  3802 | D:9      | HP: 56/74 [troll zombie (3)]
  3822 | D:9      | HP: 65/74 [shadow (6)]
  3829 | D:9      | Found a staircase to the Orcish Mines.
  4040 | D:9      | HP: 73/74 [yak (1)]
  4045 | D:9      | HP: 72/74 [yak (2)]
  4051 | D:9      | HP: 62/74 [acid dragon/splash of acid (12)]
  4065 | D:10     | Entered Level 10 of the Dungeon
  4071 | D:9      | HP: 72/74 [killer bee (2)]
  4077 | D:9      | HP: 73/74 [orc warrior/+0 long sword (1)]
  4085 | D:9      | HP: 64/74 [gnoll bouda/+0 club (10)]
  4092 | D:9      | HP: 64/74 [steam dragon/ball of steam (3)]
  4095 | D:9      | Reached ***** piety under Vehumet
  4097 | D:9      | HP: 57/74 [centaur/arrow (1)]
  4098 | D:9      | Offered knowledge of Fireball by Vehumet.
  4105 | D:9      | Learned a level 5 spell: Fireball
  4113 | D:9      | HP: 57/74 [yak (5)]
  4116 | D:9      | Reached skill level 1 in Fire Magic
  4121 | D:9      | HP: 36/74 [something (25)]
  4130 | D:9      | HP: 33/74 [yak (4)]
  4245 | D:10     | Found Azir's Distillery.
  4282 | D:10     | Found a sacrificial altar of Ru.
  4350 | D:10     | Reached XP level 12. HP: 81/81 MP: 24/29
  4350 | D:10     | HP: 80/81 [quasit[a kobold demonologist] (1)]
  4354 | D:10     | Reached skill level 1 in Evocations
  4500 | D:10     | HP: 75/81 [centaur/arrow (6)]
  4515 | D:10     | Noticed a two-headed ogre
  4517 | D:10     | Reached skill level 5 in Fire Magic
  4550 | D:10     | Noticed a wizard
  4553 | D:10     | Killed a wizard
  4559 | D:10     | HP: 77/81 [small abomination (4)]
  4565 | D:10     | HP: 72/81 [small abomination (7)]
  4578 | D:10     | HP: 26/81 [large abomination (30)]
  4606 | D:10     | HP: 63/81 [large abomination (5)]
  4615 | D:10     | HP: 29/81 [large abomination (14)]
  4628 | D:10     | HP: 10/81 [large abomination (29)]
  4640 | D:10     | Reached skill level 5 in Evocations
  4664 | D:10     | Noticed Snorg
  4670 | D:10     | Killed Snorg
  4758 | D:10     | Identified the ring of Heufieli {Fire Dex+5}
  4866 | D:10     | Noticed a two-headed ogre
  4870 | D:10     | Killed a two-headed ogre
  4945 | D:11     | HP: 80/81 [red devil/+0 trident (1)]
  4987 | D:11     | Noticed Erica
  4989 | D:11     | HP: 77/81 [Erica/bolt of poison (4)]
  4993 | D:11     | Killed Erica
  4994 | D:11     | HP: 38/81 [poisoned by Erica (bolt of poison)]
  4999 | D:11     | HP: 36/81 [poisoned by Erica (bolt of poison)]
  5004 | D:10     | HP: 29/81 [poisoned by an orange demon]
  5009 | D:10     | HP: 25/81 [poisoned by an orange demon]
  5088 | D:11     | Noticed a two-headed ogre
  5093 | D:11     | Killed a two-headed ogre
  5094 | D:11     | Reached skill level 1 in Fighting
  5094 | D:11     | Reached XP level 13. HP: 90/90 MP: 15/31
  5162 | D:11     | Reached skill level 1 in Summonings
  5252 | D:11     | Found a staircase to the Lair.
  5261 | Lair:1   | Entered Level 1 of the Lair of Beasts
  5303 | Lair:1   | Learned a level 5 spell: Irradiate
  5356 | Lair:1   | Found a frozen archway.
  5356 | Lair:1   | HP: 93/96 [rime drake/icy flash freeze (3)]
  5361 | Lair:1   | HP: 92/96 [rime drake (4)]
  5363 | Lair:1   | Reached skill level 5 in Summonings
  5368 | IceCv    | Entered an ice cave
  5385 | IceCv    | Offered knowledge of Conjure Ball Lightning by Vehumet.
  5391 | IceCv    | HP: 91/96 [dire elephant simulacrum (5)]
  5428 | IceCv    | HP: 95/96 [ice beast[an ice statue] (1)]
  5627 | IceCv    | Noticed a reaper
  5631 | IceCv    | HP: 95/96 [ice devil (1)]
  5655 | IceCv    | HP: 86/96 [reaper/+2 scythe of freezing (10)]
  5662 | IceCv    | Killed a reaper
  5668 | IceCv    | HP: 92/96 [ice devil (4)]
  5671 | IceCv    | HP: 45/96 [ice devil (8)]
  5715 | IceCv    | HP: 90/96 [something (6)]
  5722 | IceCv    | HP: 90/96 [something (6)]
  5727 | IceCv    | HP: 73/96 [something (3)]
  5852 | Lair:3   | Found the +3 salamander hide armour {Flames, rFlCloud rF++
                  | rC--}
  5980 | Lair:3   | Noticed a death yak
  5983 | Lair:3   | Noticed a death yak
  5984 | Lair:3   | Noticed a six-headed hydra
  5985 | Lair:3   | Killed a death yak
  5985 | Lair:3   | Noticed a death yak
  5986 | Lair:3   | Reached skill level 5 in Dodging
  5991 | Lair:3   | Noticed a death yak
  5995 | Lair:3   | Killed a six-headed hydra
  5997 | Lair:3   | Killed a death yak
  5998 | Lair:3   | Killed a death yak
  5999 | Lair:3   | Killed a death yak
  6056 | Lair:3   | Reached XP level 14. HP: 104/104 MP: 26/33
  6220 | Lair:5   | Entered Level 5 of the Lair of Beasts
  6227 | Lair:5   | HP: 99/104 [eight-headed hydra (5)]
  6234 | Lair:5   | HP: 90/104 [blink frog (6)]
  6236 | Lair:5   | Reached skill level 15 in Spellcasting
  6244 | Lair:5   | HP: 59/104 [boulder beetle (37)]
  6249 | Lair:5   | Reached skill level 5 in Fighting
  6249 | Lair:5   | HP: 31/107 [elephant (12)]
  6260 | Lair:5   | Offered knowledge of Lee's Rapid Deconstruction by Vehumet.
  6270 | Lair:5   | HP: 87/113 [blink frog (7)]
  6299 | Lair:5   | Reached XP level 15. HP: 123/123 MP: 19/36
  6326 | Lair:5   | HP: 121/124 [yak (3)]
  6345 | Lair:5   | HP: 114/125 [dream sheep (9)]
  6357 | Lair:5   | HP: 124/126 [elephant (2)]
  6365 | Lair:5   | Reached skill level 10 in Fighting
  6368 | Lair:5   | HP: 118/126 [elephant (8)]
  6565 | Lair:5   | HP: 126/128 [death yak (2)]
  6572 | Lair:5   | HP: 119/128 [death yak (9)]
  6594 | Lair:5   | Found the +5 Storm Queen's Shield {shock, Fly rElec}
  6603 | Lair:5   | Identified the +0 scale mail "Ylumi" {*Corrode rN+ Will+
                  | Int+3}
  6619 | Lair:5   | Identified the +5 quarterstaff "Yliozo" {freeze, rElec rN+}
  6660 | Lair:5   | HP: 127/130 [wolf (3)]
  6670 | Lair:5   | HP: 124/130 [wolf (6)]
  6911 | Lair:4   | Identified the +0 glaive "Qaseggopn" {drain, Drain Will+
                  | Str+3}
  6938 | Lair:4   | Reached skill level 1 in Shields
  7158 | Lair:3   | Found a staircase to the Swamp.
  7171 | Lair:3   | HP: 123/132 [swamp worm/harpoon shot (9)]
  7255 | Swamp:1  | Entered Level 1 of the Swamp
  7256 | Swamp:1  | Noticed Mlioglotl
  7262 | Swamp:1  | HP: 119/132 [alligator (13)]
  7262 | Swamp:1  | Offered knowledge of Plasma Beam by Vehumet.
  7265 | Lair:3   | HP: 53/132 [alligator (21)]
  7274 | Lair:3   | Killed Mlioglotl
  7275 | Lair:3   | Reached skill level 5 in Shields
  7306 | Swamp:1  | HP: 129/132 [eight-headed hydra[a spriggan druid] (2)]
  7307 | Swamp:1  | HP: 63/132 [eight-headed hydra[a spriggan druid] (8)]
  7312 | Swamp:1  | HP: 75/132 [goliath frog[a spriggan druid] (7)]
  7318 | Swamp:1  | Reached XP level 16. HP: 69/139 MP: 34/37
  7319 | Swamp:1  | HP: 66/139 [swamp worm/harpoon shot[a spriggan druid] (10)]
  7365 | Swamp:1  | HP: 109/139 [eleionoma/spray of wooden splinters (30)]
  7387 | Swamp:1  | Found a runed translucent gate.
  7387 | Swamp:1  | Found a runed translucent gate.
  7387 | Swamp:1  | Found a runed translucent gate.
  7392 | Swamp:1  | Noticed Valeaz's ghost (journeyman MiFi)
  7402 | Swamp:1  | HP: 133/139 [Valeaz's ghost (6)]
  7404 | Swamp:1  | Killed Valeaz's ghost
  7416 | Swamp:1  | Identified the +6 long sword "Fusukhur" {heavy, *Corrode
                  | rElec rN+++ Dex-2}
  7524 | Swamp:2  | HP: 133/139 [something (6)]
  7526 | Swamp:2  | Reached skill level 10 in Shields
  7530 | Swamp:2  | HP: 117/139 [something (7)]
  7565 | Swamp:1  | Learned a level 6 spell: Plasma Beam
  7572 | Swamp:1  | Learned a level 6 spell: Starburst
  7688 | Swamp:3  | HP: 132/139 [spriggan druid/angry trees (7)]
  7699 | Swamp:3  | HP: 98/139 [spriggan druid/angry trees (12)]
  7772 | Swamp:3  | HP: 136/139 [swamp dragon/blast of poison (3)]
  7777 | Swamp:3  | HP: 137/139 [poisoned by a swamp dragon (blast of poison)]
  7782 | Swamp:3  | HP: 135/139 [will-o-the-wisp/foxfire (1)]
  7820 | Swamp:3  | Identified the +3 leather armour of Fairiss {rPois rCorr}
  7865 | Swamp:3  | Identified the ring "Turphalea" {Will+ Stlth+}
  7868 | Swamp:3  | Noticed a fenstrider witch
  7873 | Swamp:3  | Killed a fenstrider witch
  7879 | Swamp:3  | HP: 134/139 [ghost crab] (5)]
  7937 | Swamp:4  | Entered Level 4 of the Swamp
  7940 | Swamp:4  | Reached skill level 10 in Summonings
  7944 | Swamp:4  | HP: 119/139 [bunyip (20)]
  7949 | Swamp:4  | HP: 133/139 [alligator (3)]
  7953 | Swamp:4  | Reached ****** piety under Vehumet
  7956 | Swamp:4  | Reached XP level 17. HP: 146/146 MP: 12/38
  7958 | Swamp:4  | HP: 142/146 [swamp worm/harpoon shot (4)]
  7967 | Swamp:4  | HP: 137/146 [alligator (9)]
  8010 | Swamp:4  | HP: 137/146 [constriction (9)]
  8062 | Swamp:4  | HP: 128/146 [swamp worm/harpoon shot (18)]
  8077 | Swamp:4  | Offered knowledge of Iron Shot by Vehumet.
  8085 | Swamp:4  | Learned a level 6 spell: Iron Shot
  8095 | Swamp:4  | Learned a level 7 spell: Spellforged Servitor
  8114 | Swamp:4  | HP: 143/146 [poisoned by a swamp dragon (blast of poison)]
  8119 | Swamp:4  | HP: 142/146 [poisoned by a swamp dragon (blast of poison)]
  8135 | Swamp:4  | HP: 144/146 [swamp dragon/blast of poison (2)]
  8191 | Swamp:4  | Noticed a fenstrider witch
  8193 | Swamp:4  | Paralysed by a fenstrider witch for 5 turns
  8197 | Swamp:4  | HP: 139/146 [fenstrider witch/toxic sludge (7)]
  8199 | Swamp:4  | Killed a fenstrider witch
  8202 | Swamp:4  | HP: 71/146 [poisoned by a fenstrider witch (toxic sludge)]
  8222 | Swamp:4  | Got a decaying rune of Zot
  8316 | Swamp:4  | HP: 144/146 [poisoned by a swamp dragon (blast of poison)]
  8482 | Swamp:2  | Found a sacrificial altar of Ru.
  9503 | Lair:2   | Found a staircase to the Snake Pit.
  9515 | Snake:1  | Entered Level 1 of the Snake Pit
  9669 | Snake:3  | Gained mutation: You passively map a large area around you.
                  | [Meteoran growth]
  9669 | Snake:3  | Reached XP level 18. HP: 154/154 MP: 29/39
  9692 | Snake:3  | HP: 148/154 [constriction (6)]
  9703 | Snake:4  | Entered Level 4 of the Snake Pit
  9708 | Snake:4  | Reached skill level 15 in Conjurations
  9712 | Snake:4  | HP: 146/154 [salamander/+2 trident of protection (8)]
  9715 | Snake:4  | Offered knowledge of Iskenderun's Battlesphere by Vehumet.
  9717 | Snake:4  | HP: 135/154 [poisoned by a naga mage (bolt of poison)]
  9722 | Snake:4  | HP: 99/154 [poisoned by naga mage (concentrated venom)]
  9738 | Snake:4  | Found Pianoowk's Gadget Gallery.
  9757 | Snake:4  | HP: 149/154 [salamander/arrow (5)]
  9856 | Snake:4  | HP: 149/154 [shock serpent/electric aura (5)]
  9868 | Snake:4  | HP: 142/154 [black mamba (12)]
  9876 | Snake:4  | HP: 146/154 [shock serpent/bolt of electricity (8)]
  9895 | Snake:4  | HP: 134/154 [nagaraja/poison arrow (20)]
  9898 | Snake:4  | Reached skill level 15 in Shields
  9900 | Snake:4  | HP: 131/154 [poisoned by a nagaraja (poison arrow)]
  9922 | Snake:4  | Noticed Donald
  9925 | Snake:4  | HP: 152/154 [naga ritualist/splash of poison (2)]
  9927 | Snake:4  | Killed Donald
  9932 | Snake:4  | HP: 145/154 [nameless horror[miscasting Spellforged
                  | Servitor] (9)]
  9973 | Snake:4  | Noticed Louise
  9982 | Snake:4  | Killed Louise
 10032 | Snake:4  | HP: 148/154 [shock serpent/bolt of electricity (6)]
 10036 | Snake:4  | Reached skill level 1 in Armour
 10054 | Snake:4  | Identified a scroll of acquirement
 10066 | Snake:4  | Acquired the +3 pair of gauntlets of War {Slay+5}
 10066 | Snake:4  | Found the +3 pair of gauntlets of War {Slay+5}
 10076 | Snake:4  | HP: 151/154 [guardian serpent/bolt of poison (3)]
 10081 | Snake:4  | HP: 150/154 [poisoned by a naga (splash of poison)]
 10088 | Snake:4  | HP: 137/154 [nagaraja/poison arrow (17)]
 10093 | Snake:4  | HP: 134/154 [poisoned by a nagaraja (poison arrow)]
 10128 | Snake:4  | Reached skill level 1 in Air Magic
 10130 | Snake:4  | HP: 147/154 [naga sharpshooter/bolt (7)]
 10137 | Snake:4  | HP: 151/154 [nagaraja/splash of poison (3)]
 10142 | Snake:4  | HP: 147/154 [poisoned by a naga sharpshooter (splash of
                  | poison)]
 10144 | Snake:4  | Reached skill level 5 in Air Magic
 10147 | Snake:4  | HP: 148/154 [poisoned by a naga sharpshooter (splash of
                  | poison)]
 10206 | Snake:4  | HP: 151/154 [naga mage/bolt of poison (3)]
 10208 | Snake:4  | Reached XP level 19. HP: 159/160 MP: 27/40
 10211 | Snake:4  | HP: 158/160 [poisoned by a naga (splash of poison)]
 10219 | Snake:4  | HP: 144/160 [naga sharpshooter/arrow (16)]
 10224 | Snake:4  | HP: 136/160 [guardian serpent/bolt of poison (9)]
 10229 | Snake:4  | HP: 96/160 [naga warrior/+0 halberd (9)]
 10231 | Snake:4  | Offered knowledge of Ignition by Vehumet.
 10234 | Snake:4  | HP: 72/160 [poisoned by a nagaraja (bolt of poison)]
 10239 | Snake:4  | HP: 56/160 [poisoned by a nagaraja (poison arrow)]
 10244 | Snake:4  | HP: 57/160 [poisoned by a nagaraja (poison arrow)]
 10274 | Snake:4  | HP: 135/160 [poisoned by a naga ritualist (toxic radiance)]
 10286 | Snake:4  | Got a serpentine rune of Zot
 10350 | Snake:4  | HP: 156/160 [shock serpent/bolt of electricity (4)]
 10445 | Snake:4  | Found Geemat's Book Shoppe.
 10842 | Snake:3  | HP: 153/160 [nagaraja/bolt of poison (7)]
 10847 | Snake:3  | HP: 149/160 [poisoned by a nagaraja (bolt of poison)]
 10917 | Snake:3  | HP: 158/160 [poisoned by a naga mage (splash of poison)]
 10965 | Snake:3  | HP: 146/160 [anaconda (14)]
 10968 | Snake:3  | Reached skill level 10 in Fire Magic
 10975 | Snake:3  | HP: 150/160 [anaconda[a naga ritualist] (10)]
 10983 | Snake:3  | Found Vorexzu's General Store.
 10985 | Snake:3  | Bought 2 potions of ambrosia for 160 gold pieces
 10985 | Snake:3  | Bought a potion of ambrosia for 80 gold pieces
 10997 | Snake:3  | HP: 157/160 [constriction[a naga ritualist] (3)]
 11002 | Snake:3  | HP: 155/160 [poisoned by a naga ritualist (toxic radiance)]
 11554 | Snake:2  | HP: 156/160 [salamander tyrant (4)]
 11606 | Snake:1  | HP: 151/160 [salamander/+0 glaive (9)]
 11628 | Snake:1  | Acquired the scarf "Nahugept" {shadows, Int+3}
 11681 | Snake:1  | Identified the +3 long sword "Jewnimive" {flame, rN+}
 11764 | Snake:1  | Glimpsed the power of Zot.
 11923 | Orc:1    | Entered Level 1 of the Orcish Mines
 11939 | Orc:2    | Entered Level 2 of the Orcish Mines
 11947 | Orc:2    | Offered knowledge of Fire Storm by Vehumet.
 11947 | Orc:2    | Offered knowledge of Shatter by Vehumet.
 11947 | Orc:2    | Offered knowledge of Chain Lightning by Vehumet.
 11949 | Orc:2    | Noticed Sonja
 11951 | Orc:2    | Killed Sonja
 11975 | Orc:2    | HP: 148/160 [orc priest/divine providence (12)]
 11977 | Orc:2    | Noticed Erolcha
 11981 | Orc:2    | Killed Erolcha
 11983 | Orc:2    | HP: 150/160 [orc warlord/bolt (9)]
 11991 | Orc:2    | HP: 153/160 [spore (7)]
 12001 | Orc:2    | HP: 148/160 [orc priest/divine providence (12)]
 12006 | Orc:2    | Found Zoukh's Antique Weapon Shop.
 12009 | Orc:2    | Found Ymianlis's Antique Armour Boutique.
 12072 | Orc:2    | HP: 156/160 [orc wizard/magic dart (4)]
 12087 | Orc:2    | Found a staircase to the Elven Halls.
 12212 | Orc:2    | Found Ystoll's Assorted Antiques.
 12217 | Orc:2    | Bought 2 fuming amethyst potions for 55 gold pieces
 12217 | Orc:2    | Bought 2 potions of haste for 620 gold pieces
 12217 | Orc:2    | Bought a scroll of fear for 124 gold pieces
 12258 | Elf:1    | Entered Level 1 of the Elven Halls
 12287 | Elf:1    | HP: 158/160 [burnt (1)]
 12334 | Elf:1    | HP: 155/160 [deep elf zephyrmancer/bolt of lightning (5)]
 12374 | Elf:1    | HP: 155/160 [deep elf zephyrmancer/bolt of lightning (5)]
 12446 | Elf:2    | Paralysed by an air elemental for 1 turns
 12452 | Elf:2    | Reached XP level 20. HP: 168/168 MP: 22/41
 12503 | Elf:2    | HP: 158/168 [+0 mace of protection (10)]
 12521 | Elf:2    | HP: 159/168 [deep elf archer/arrow (9)]
 12532 | Elf:2    | HP: 149/168 [deep elf zephyrmancer/bolt of light (19)]
 12570 | Elf:3    | Entered Level 3 of the Elven Halls
 12632 | Elf:3    | HP: 160/168 [deep elf zephyrmancer/bolt of lightning (8)]
 12690 | Elf:3    | HP: 139/168 [deep elf master archer/arrow (29)]
 12701 | Elf:3    | Reached skill level 10 in Air Magic
 12858 | Elf:3    | HP: 153/168 [deep elf annihilator/poison arrow (15)]
 12863 | Elf:3    | HP: 146/168 [poisoned by a deep elf annihilator (poison
                  | arrow)]
 12899 | Elf:3    | HP: 136/163 [deep elf master archer/arrow (27)]
 12908 | Elf:3    | HP: 102/165 [deep elf annihilator/poison arrow (10)]
 12913 | Elf:3    | HP: 100/167 [poisoned by a deep elf annihilator (poison
                  | arrow)]
 12965 | Elf:3    | Identified the +7 fire dragon scales of the Other Side
                  | {Rampage rF++ rC- Int+6}
 12973 | Elf:3    | Identified the +10 triple sword of Frustration {spect,
                  | rPois Stlth+}
 13054 | Elf:3    | Identified the ring of the Unkillable {rN+ Will+}
 13093 | Elf:3    | Identified the staff of poison "Lounych" {rPois Dex+3}
 13115 | Elf:3    | Identified the ring "Holewon" {rPois Stlth+}
 13121 | Elf:3    | Identified the staff of conjuration "Beyxev" {rC+}
 13360 | Elf:3    | HP: 163/168 [scorpion (5)]
 13543 | Elf:3    | HP: 152/168 [deep elf knight/arrow (16)]
 13643 | Elf:3    | HP: 148/168 [+1 vampiric glaive (20)]
 13661 | Elf:3    | Learned a level 5 spell: Borgnjor's Vile Clutch
 13791 | Elf:3    | Got the Octavo of the Traveller and Ceraunoscopy
 13796 | Elf:3    | Identified the staff of fire "Archoamec" {rF+ Str-2 Dex+6}
 13973 | Elf:2    | Glimpsed the power of Zot.
 14023 | Elf:1    | Glimpsed the power of Zot.
 14047 | Elf:1    | HP: 166/168 [air elemental (2)]
 14055 | Elf:1    | HP: 157/168 [deep elf zephyrmancer/bolt of lightning (11)]
 14074 | Elf:1    | Glimpsed the power of Zot.
 14294 | Orc:2    | Found Egouwaig's Book Shoppe.
 14299 | Orc:2    | Bought an Inescapable Atlas for 416 gold pieces
 14302 | Orc:2    | Learned a level 2 spell: Blink
 14845 | Orc:1    | Glimpsed the power of Zot.
 14895 | Orc:1    | Glimpsed the power of Zot.
 15195 | D:12     | Noticed Josephine
 15199 | D:12     | Killed Josephine
 15207 | D:12     | HP: 161/168 [slime creature (7)]
 15208 | D:12     | Reached XP level 21. HP: 160/174 MP: 20/44
 15222 | D:12     | HP: 171/174 [deep elf pyromancer/bolt of fire (3)]
 15307 | D:12     | Found Guploluy's Assorted Antiques.
 15328 | D:12     | HP: 157/174 [skeletal warrior/+0 glaive (17)]
 15370 | D:12     | Bought an ancient ring mail for 216 gold pieces
 15370 | D:12     | Identified the +4 ring mail "Zuavvau" {rPois} (You bought
                  | it in a shop on level 12 of the Dungeon)
 15412 | D:12     | Identified the +1 robe of the Lobster {rElec rPois Will-
                  | Dex+5}
 15482 | D:13     | HP: 170/174 [centaur warrior/arrow (4)]
 15488 | D:13     | Noticed Kirke
 15491 | D:13     | HP: 166/174 [manticore/volley of spikes[Kirke] (8)]
 15493 | D:13     | Killed Kirke
 15600 | D:13     | HP: 167/174 [centaur/arrow[a centaur warrior] (7)]
 15619 | D:13     | Acquired 1100 gold pieces
 15658 | D:14     | HP: 163/174 [centaur/arrow[a centaur warrior] (11)]
 15711 | D:14     | HP: 147/174 [centaur warrior/arrow (27)]
 15718 | D:14     | HP: 126/174 [centaur warrior/arrow[a boggart] (10)]
 15740 | D:14     | HP: 170/174 [catoblepas/blast of calcifying dust[a boggart]
                  | (4)]
 15750 | D:14     | HP: 170/174 [red ugly thing (4)]
 15756 | D:14     | HP: 163/174 [centaur warrior/arrow[a boggart] (3)]
 15771 | D:14     | HP: 143/174 [spellforged servitor/iron shot[the player
                  | character] (22)]
 15776 | D:14     | Identified the ring "Raditria" {rF+ Dex+6}
 15778 | D:14     | Identified the ring of Digitroa {AC+4 Slay+6}
 15925 | D:14     | HP: 161/174 [slime creature (13)]
 15933 | D:14     | HP: 168/174 [centaur/arrow[a centaur warrior] (6)]
 15949 | D:14     | HP: 168/174 [tengu warrior/+3 war axe of venom[an orange
                  | crystal statue] (6)]
 16025 | D:14     | Found a gate to the Vaults.
 16137 | Vaults:1 | Entered Level 1 of the Vaults
 16220 | Vaults:2 | HP: 164/174 [purple ugly thing[a wizard] (10)]
 16231 | Vaults:2 | HP: 164/174 [peacekeeper/volley of spikes (10)]
 16389 | Vaults:2 | HP: 169/174 [ironbound thunderhulk/bolt of lightning[a
                  | vault warden] (5)]
 16399 | Vaults:2 | HP: 167/174 [ironbound thunderhulk/bolt of lightning[a
                  | vault warden] (4)]
 16435 | Vaults:2 | Reached skill level 15 in Air Magic
 16439 | Vaults:2 | Reached XP level 22. HP: 181/181 MP: 2/45
 16440 | Vaults:2 | HP: 173/181 [ironbound thunderhulk/bolt of lightning[a
                  | vault warden] (8)]
 16477 | Vaults:2 | HP: 173/181 [ironbound thunderhulk/bolt of lightning (8)]
 16559 | Vaults:2 | HP: 165/181 [yaktaur captain/bolt (16)]
 16724 | Vaults:3 | HP: 172/181 [sphinx/divine providence (9)]
 16767 | Vaults:3 | Found a crumbling gateway.
 16774 | Desolati | Entered the Desolation of Salt
 16775 | Desolati | HP: 169/181 [servant of whispers/bolt of lightning (12)]
 16780 | Desolati | HP: 179/181 [saltling (2)]
 16790 | Desolati | HP: 179/181 [peacekeeper (2)]
 16814 | Desolati | HP: 178/181 [servant of whispers/bolt of lightning (3)]
 16860 | Desolati | HP: 176/181 [peacekeeper (5)]
 16877 | Desolati | Found the +9 sword of Zonguldrok {reap}
 16878 | Desolati | Found the +27 heavy crossbow "Sniper" {heavy, Acc+∞ SInv}
 16881 | Desolati | HP: 175/181 [saltling (6)]
 16891 | Desolati | HP: 179/181 [saltling (2)]
 16899 | Desolati | HP: 179/181 [molten gargoyle/bolt of magma (2)]
 16919 | Desolati | HP: 167/181 [ragged hierophant/a resonance strike (14)]
 16929 | Desolati | HP: 175/181 [molten gargoyle/bolt of magma (6)]
 16936 | Desolati | Identified the ring "Lauwn" {+Blink rElec Str+6}
 16949 | Desolati | HP: 176/181 [peacekeeper (5)]
 16972 | Desolati | HP: 179/181 [crystal guardian/crystal bolt (2)]
 16978 | Desolati | Identified the +0 falchion of Bodily Harmony {pain, rPois
                  | Int+3}
 16979 | Desolati | Identified the ring "Guomoxzi" {MP+9 Dex+3}
 17032 | Desolati | HP: 179/181 [saltling (2)]
 17055 | Desolati | HP: 169/181 [ragged hierophant/a resonance strike (12)]
 17069 | Desolati | HP: 176/181 [ragged hierophant/a resonance strike (5)]
 17086 | Desolati | HP: 175/181 [guardian serpent/bolt of poison (6)]
 17105 | Desolati | HP: 175/181 [servant of whispers/bolt of lightning (6)]
 17107 | Desolati | Found the +8 autumn katana {manifold assault}
 17112 | Desolati | HP: 177/181 [poisoned by a guardian serpent (bolt of
                  | poison)]
 17117 | Desolati | HP: 153/181 [poisoned by a guardian serpent (bolt of
                  | poison)]
 17122 | Desolati | HP: 155/181 [guardian serpent/bolt of poison (4)]
 17127 | Desolati | HP: 151/181 [poisoned by a guardian serpent (bolt of
                  | poison)]
 17131 | Desolati | Identified the +8 great sword "Peor" {drain, rC+ rN+
                  | Stlth+}
 17171 | Desolati | Identified the ring "Jah Uth" {Fly rC+ Dex+3}
 17177 | Desolati | HP: 173/181 [ragged hierophant/a resonance strike (8)]
 17183 | Desolati | HP: 160/181 [guardian serpent/bolt of poison (4)]
 17188 | Desolati | HP: 158/181 [poisoned by a guardian serpent (bolt of
                  | poison)]
 17200 | Desolati | Identified the ring of Decwekk {Fly rElec Dex+3}
 17214 | Desolati | Glimpsed the power of Zot.
 17220 | Desolati | HP: 170/181 [saltling (11)]
 17232 | Desolati | HP: 178/181 [saltling (3)]
 17258 | Desolati | Glimpsed the power of Zot.
 17329 | Vaults:3 | HP: 170/181 [sphinx (11)]
 17484 | Vaults:3 | HP: 173/181 [crystal guardian/crystal bolt[a peacekeeper]
                  | (8)]
 17489 | Vaults:3 | HP: 163/181 [peacekeeper (16)]
 17491 | Vaults:3 | Reached XP level 23. HP: 171/188 MP: 18/46
 17608 | Vaults:4 | Learned a level 9 spell: Chain Lightning
 17618 | Vaults:4 | HP: 185/188 [yaktaur captain/bolt (3)]
 17636 | Vaults:4 | Reached XP level 24. HP: 195/195 MP: 46/46
 17637 | Vaults:4 | Reached XP level 25. HP: 202/202 MP: 46/46
 17681 | Vaults:4 | HP: 199/202 [arc of chain lightning (3)]
 17686 | Vaults:4 | HP: 183/202 [arc of chain lightning (10)]
 17701 | Vaults:4 | HP: 186/202 [orc warlord/+0 great mace (16)]
 17762 | Vaults:4 | HP: 189/202 [arc of chain lightning (13)]
 17779 | Vaults:4 | HP: 189/202 [arc of chain lightning (13)]
 17785 | Vaults:4 | HP: 184/202 [arc of chain lightning (15)]
 17793 | Vaults:4 | Noticed Jory
 17795 | Vaults:4 | HP: 133/202 [Jory/crystal spear (69)]
 17798 | Vaults:4 | Killed Jory
 17800 | Vaults:4 | HP: 58/202 [deep elf sorcerer/bolt of acid (24)]
 17809 | Vaults:4 | HP: 54/202 [orc warlord/bolt (25)]
 17840 | Vaults:4 | HP: 84/202 [arc of chain lightning (12)]
 17914 | Vaults:4 | HP: 183/202 [ironbound preserver/+3 morningstar (19)]
 17984 | Vaults:4 | HP: 199/202 [arc of chain lightning (3)]
 17994 | Vaults:4 | Found a transporter.
 17994 | Vaults:4 | Noticed quaternion's ghost (veteran MiFi)
 17998 | Vaults:4 | Found a transporter.
 18001 | Vaults:4 | HP: 193/202 [arc of chain lightning (9)]
 18004 | Vaults:4 | Killed quaternion's ghost
 18006 | Vaults:4 | HP: 177/202 [arc of chain lightning (2)]
 18057 | Vaults:4 | HP: 184/202 [yaktaur/bolt[a vault warden] (18)]
 18062 | Vaults:4 | HP: 159/202 [arc of chain lightning (10)]
 18067 | Vaults:4 | HP: 185/202 [arc of chain lightning (5)]
 18102 | Vaults:4 | HP: 198/202 [arc of chain lightning (4)]
 18108 | Vaults:4 | HP: 196/202 [arc of chain lightning (6)]
 18127 | Vaults:4 | HP: 189/202 [yaktaur captain/bolt (13)]
 18137 | Vaults:4 | HP: 195/202 [something (7)]
 18151 | Vaults:4 | HP: 170/202 [arc of chain lightning (11)]
 18171 | Vaults:5 | Entered Level 5 of the Vaults
 18171 | Vaults:5 | Noticed Mennas
 18172 | Vaults:5 | HP: 190/202 [arc of chain lightning (12)]
 18173 | Vaults:5 | Killed Mennas
 18177 | Vaults:5 | HP: 178/202 [arc of chain lightning (11)]
 18210 | Vaults:5 | HP: 193/202 [stone giant/large rock (9)]
 18215 | Vaults:5 | Noticed a dread lich
 18218 | Vaults:5 | HP: 198/202 [arc of chain lightning (4)]
 18219 | Vaults:5 | Killed a dread lich
 18220 | Vaults:5 | Reached XP level 26. HP: 201/210 MP: 34/46
 18224 | Vaults:5 | Identified the staff of conjuration "Reliacsu" {rC+ Will+}
 18260 | Vaults:5 | HP: 197/210 [vault sentinel/bolt (13)]
 18265 | Vaults:5 | HP: 142/210 [fire giant/fireball (17)]
 18300 | Vaults:5 | Identified the ring "Elubrien" {Will+ Str+3 Dex+6}
 18301 | Vaults:5 | HP: 179/210 [storm dragon (11)]
 18307 | Vaults:5 | HP: 135/210 [tengu reaver/bolt of fire (14)]
 18312 | Vaults:5 | HP: 115/210 [poisoned by a tengu reaver (bolt of poison)]
 18324 | Vaults:5 | HP: 68/210 [yaktaur captain/bolt (32)]
 18335 | Vaults:5 | HP: 80/210 [ironbound preserver/arrow (6)]
 18349 | Vaults:5 | Identified the amulet of the Coward {Spirit Regen+ Str+2}
 18389 | Vaults:5 | HP: 204/209 [arc of chain lightning (5)]
 18390 | Vaults:5 | Identified the +6 whip "Fapninoim" {holy, Will+ Int+3}
 18415 | Vaults:5 | Got a silver rune of Zot
 18438 | Vaults:5 | HP: 173/210 [titan/the air (37)]
 18447 | Vaults:5 | HP: 176/210 [arc of chain lightning (8)]
 18460 | Vaults:5 | HP: 142/210 [war gargoyle/spray of metal splinters (53)]
 18473 | Vaults:5 | HP: 152/204 [deep elf death mage/bolt of negative energy
                  | (16)]
 18491 | Vaults:5 | Identified the +7 spear of Kihin {flame, Dex+2 SInv}
 18529 | Vaults:5 | HP: 199/206 [arc of chain lightning (7)]
 18536 | Vaults:5 | HP: 200/207 [arc of chain lightning (7)]
 18548 | Vaults:5 | HP: 204/209 [arc of chain lightning (5)]
 18558 | Vaults:5 | HP: 184/210 [tengu reaver/bolt of poison (26)]
 18563 | Vaults:5 | HP: 179/210 [poisoned by a tengu reaver (bolt of poison)]
 18568 | Vaults:5 | HP: 182/210 [poisoned by a tengu reaver (bolt of poison)]
 18594 | Vaults:5 | HP: 205/210 [freezing wraith (5)]
 18603 | Vaults:5 | Identified the +8 sling of Parphewu {freeze, rC+ Str-5
                  | Int+3 Dex+5}
 18607 | Vaults:5 | HP: 193/210 [golden dragon/bolt of fire (17)]
 18613 | Vaults:5 | HP: 140/209 [arc of chain lightning (4)]
 18622 | Vaults:5 | HP: 101/210 [arc of chain lightning (4)]
 18623 | Vaults:5 | Gained mutation: You occasionally shout uncontrollably at
                  | your foes. [a shining eye]
 18627 | Vaults:5 | HP: 106/210 [arc of chain lightning (10)]
 18636 | Vaults:4 | HP: 88/210 [deep troll[an ironbound preserver] (13)]
 18667 | Vaults:4 | HP: 174/210 [ironbound thunderhulk/bolt of lightning (9)]
 18688 | Vaults:5 | Identified the +1 morningstar "Agannuij" {drain, Fly rC++}
 18689 | Vaults:5 | HP: 170/210 [deep elf annihilator/poison arrow (24)]
 18702 | Vaults:5 | Got the Verses on Variable Summoning
 18715 | Vaults:5 | HP: 201/210 [arc of chain lightning (9)]
 18817 | Vaults:5 | HP: 190/210 [phantasmal warrior (20)]
 18857 | Vaults:5 | HP: 160/210 [stone giant/large rock (50)]
 18868 | Vaults:5 | Learned a level 6 spell: Statue Form
 18913 | Vaults:5 | HP: 183/210 [iron dragon/spray of metal splinters (27)]
 19198 | D:15     | Entered Level 15 of the Dungeon
 19198 | D:15     | Found a transporter.
 19198 | D:15     | Found a transporter.
 19230 | D:15     | HP: 203/210 [arc of chain lightning (7)]
 19310 | D:15     | HP: 200/210 [arc of chain lightning (10)]
 19330 | D:15     | HP: 201/210 [arc of chain lightning (9)]
 19340 | D:15     | HP: 206/210 [arc of chain lightning (4)]
 19341 | D:15     | Found a staircase to the Depths.
 19345 | Depths:1 | Entered Level 1 of the Depths
 19347 | Depths:1 | HP: 204/210 [arc of chain lightning (6)]
 19349 | Depths:1 | Reached XP level 27. HP: 212/216 MP: 46/46
 19352 | Depths:1 | HP: 211/216 [arc of chain lightning (5)]
 19357 | Depths:1 | HP: 178/216 [arc of chain lightning (14)]
 19362 | Depths:1 | HP: 153/216 [arc of chain lightning (6)]
 19394 | Depths:2 | HP: 204/216 [arc of chain lightning (12)]
 19402 | Depths:2 | HP: 195/216 [spriggan air mage/the air (21)]
 19408 | Depths:2 | HP: 132/216 [spriggan air mage/the air (18)]
 19484 | Depths:2 | HP: 206/216 [arc of chain lightning (10)]
 19497 | Depths:2 | HP: 208/216 [deep troll earth mage/blast of rock fragments
                  | (8)]
 19517 | Depths:2 | HP: 205/216 [arc of chain lightning (11)]
 19536 | Depths:2 | HP: 211/216 [hell knight/bolt of fire (5)]
 19548 | Depths:2 | HP: 209/216 [arc of chain lightning (7)]
 19552 | Depths:2 | Found a one-way gate leading to the halls of Pandemonium.
 19612 | Depths:2 | HP: 203/216 [arc of chain lightning (13)]
 19617 | Depths:2 | HP: 199/216 [arc of chain lightning (9)]
 19622 | Depths:2 | HP: 203/216 [arc of chain lightning (3)]
 19650 | Depths:2 | HP: 208/216 [arc of chain lightning (8)]
 19656 | Depths:2 | HP: 207/216 [arc of chain lightning (9)]
 19665 | Depths:2 | HP: 208/216 [arc of chain lightning (8)]
 19670 | Depths:2 | HP: 203/216 [arc of chain lightning (6)]
 19675 | Depths:2 | HP: 209/216 [arc of chain lightning (7)]
 19704 | Depths:3 | HP: 201/216 [arc of chain lightning (15)]
 19726 | Depths:3 | HP: 209/216 [arc of chain lightning (7)]
 19750 | Depths:3 | HP: 211/216 [arc of chain lightning (5)]
 19755 | Depths:3 | HP: 206/216 [arc of chain lightning (10)]
 19760 | Depths:3 | HP: 198/216 [arc of chain lightning (15)]
 19765 | Depths:3 | HP: 189/216 [arc of chain lightning (7)]
 19770 | Depths:3 | HP: 176/216 [arc of chain lightning (12)]
 19783 | Depths:3 | HP: 164/216 [arc of chain lightning (5)]
 19790 | Depths:3 | HP: 193/216 [arc of chain lightning (1)]
 19811 | Depths:3 | HP: 203/216 [arc of chain lightning (13)]
 19812 | Depths:3 | Found Coalemar's Book Boutique.
 19813 | Depths:3 | Found Taihorphe's Jewellery Emporium.
 19814 | Depths:3 | Found Otiz's Book Boutique.
 19862 | Depths:3 | Found a gateway to Hell.
 19931 | Depths:3 | Found a one-way gateway to a ziggurat.
 19939 | Zig:1    | Entered Level 1 of a ziggurat
 19942 | Zig:1    | HP: 211/216 [poisoned by a green draconian (poison gas)]
 19947 | Zig:1    | HP: 196/216 [poison (poison gas)]
 19952 | Zig:1    | HP: 195/216 [poison (poison gas)]
 19960 | Zig:2    | Entered Level 2 of a ziggurat
 19964 | Zig:2    | Noticed Woxzint the pandemonium lord
 19967 | Zig:2    | Killed Woxzint the pandemonium lord
 19967 | Zig:2    | HP: 209/216 [arc of chain lightning (7)]
 19981 | Zig:3    | Entered Level 3 of a ziggurat
 20001 | Zig:4    | Entered Level 4 of a ziggurat
 20004 | Zig:4    | HP: 186/194 [starcursed mass/accursed screaming (8)]
 20005 | Zig:4    | Found the +5 robe of Night {Dark Will+ SInv}
 20009 | Zig:4    | HP: 184/216 [arc of chain lightning (3)]
 20033 | Zig:5    | Entered Level 5 of a ziggurat
 20038 | Zig:5    | Noticed a caustic shrike
 20038 | Zig:5    | HP: 200/216 [iron giant/hellion (16)]
 20042 | Zig:5    | Killed a caustic shrike
 20043 | Zig:5    | HP: 158/216 [arc of chain lightning (10)]
 20053 | Zig:5    | Found the +5 demon whip "Spellbinder" {antimagic, disrupt,
                  | Will+}
 20061 | Zig:5    | Identified the staff of death "Ozxies" {rF+ rN+}
 20086 | Zig:5    | Learned a level 9 spell: Fire Storm
 20088 | Zig:5    | Learned a level 1 spell: Apportation
 20092 | Zig:5    | Identified the +3 flail "Killer Klown's Curse" {elec, rElec
                  | rF- Str+3 Int+7}
 20099 | Zig:6    | Entered Level 6 of a ziggurat
 20106 | Zig:6    | HP: 205/216 [arc of chain lightning (11)]
 20107 | Zig:6    | Noticed a royal mummy
 20111 | Zig:6    | Reached skill level 5 in Armour
 20111 | Zig:6    | HP: 244/280 [something (11)]
 20116 | Zig:6    | Killed a royal mummy
 20116 | Zig:6    | HP: 182/280 [something (11)]
 20129 | Zig:6    | Identified the staff of cold "Qung" {rF+ rC+ Will- Dex+3}
 20254 | Zig:7    | Entered Level 7 of a ziggurat
 20264 | Zig:7    | Noticed Tazog the pandemonium lord
 20264 | Zig:7    | HP: 185/216 [hellion/damnation (31)]
 20266 | Zig:7    | Killed Tazog the pandemonium lord
 20272 | Zig:7    | Identified the ring of Jifed {rF- Will++ EV+5 Str+3 Stlth+}
 20281 | Zig:7    | Identified the +0 gold dragon scales of Levity {Rampage
                  | rPois rF+ rC+ Regen+}
 20318 | Zig:8    | Entered Level 8 of a ziggurat
 20323 | Zig:8    | Noticed a juggernaut
 20323 | Zig:8    | Noticed a juggernaut
 20325 | Zig:8    | Killed a juggernaut
 20327 | Zig:8    | Killed a juggernaut
 20327 | Zig:8    | HP: 210/216 [arc of chain lightning (6)]
 20332 | Zig:8    | HP: 207/216 [arc of chain lightning (9)]
 20351 | Zig:8    | Identified the +8 trident of Fragile Peace {protect, rPois
                  | rCorr}
 20352 | Zig:8    | Identified the amulet of Maups {Spirit rF+ Dex+4}
 20368 | Zig:9    | Entered Level 9 of a ziggurat
 20378 | Zig:9    | HP: 205/217 [arc of chain lightning (12)]
 20383 | Zig:9    | HP: 180/217 [arc of chain lightning (8)]
 20394 | Zig:9    | Identified the amulet of Ceok {RegenMP rF- Str+6}
 20443 | Zig:10   | Entered Level 10 of a ziggurat
 20452 | Zig:10   | Noticed a caustic shrike
 20453 | Zig:10   | HP: 196/218 [quicksilver elemental/bolt of dispelling
                  | energy (22)]
 20454 | Zig:10   | Killed a caustic shrike
 20454 | Zig:10   | Noticed a caustic shrike
 20454 | Zig:10   | Noticed a caustic shrike
 20455 | Zig:10   | Reached skill level 15 in Fire Magic
 20455 | Zig:10   | Killed a caustic shrike
 20455 | Zig:10   | Killed a caustic shrike
 20458 | Zig:10   | HP: 147/218 [crystal echidna/crystal bolt (15)]
 20476 | Zig:10   | Identified the +8 great mace of the Warrior {vamp, Int+4}
 20532 | Zig:11   | Entered Level 11 of a ziggurat
 20540 | Zig:11   | HP: 214/221 [arc of chain lightning (7)]
 20540 | Zig:11   | Noticed a caustic shrike
 20542 | Zig:11   | Killed a caustic shrike
 20545 | Zig:11   | HP: 133/221 [arc of chain lightning (7)]
 20552 | Zig:11   | Found the amulet of Vitality {RegenMP++ Regen++}
 20579 | Zig:11   | Identified the staff of death "Plog" {rC+ rN+ MP-9 Str+5}
 20581 | Zig:11   | Identified the +10 plate armour "Qaitaruano" {rPois Dex+3
                  | Stlth+}
 20698 | Zig:12   | Entered Level 12 of a ziggurat
 20716 | Zig:12   | HP: 214/223 [arc of chain lightning (9)]
 20738 | Zig:12   | Identified the staff of poison "Mayxeny" {rPois rC+ MP+9
                  | Int-5 SInv}
 20739 | Zig:12   | Identified the ring "Fuotey" {Ice rElec rCorr Dex-4}
 20781 | Zig:13   | Entered Level 13 of a ziggurat
 20793 | Zig:13   | HP: 218/224 [arc of chain lightning (6)]
 20798 | Zig:13   | HP: 135/225 [poison (dark miasma)]
 20803 | Zig:13   | HP: 134/225 [poison (dark miasma)]
 20813 | Zig:13   | Got Fitoeth's Information on the Ill-starred Crater
 20837 | Zig:13   | Identified the +4 chain mail of the Pit {Rampage rF- rCorr
                  | Slay+5}
 20848 | Zig:14   | Entered Level 14 of a ziggurat
 20855 | Zig:14   | HP: 125/225 [??? (100)]
 20859 | Zig:14   | Reached skill level 1 in Necromancy
 20863 | Zig:14   | HP: 122/226 [starcursed mass/accursed screaming (8)]
 20892 | Zig:14   | Reached skill level 15 in Fighting
 20892 | Zig:14   | Reached skill level 5 in Transmutations
 20895 | Zig:14   | Identified the staff of conjuration "Corat" {Str+2 Dex-5
                  | SInv}
 20946 | Zig:15   | Entered Level 15 of a ziggurat
 20958 | Zig:15   | Reached skill level 5 in Necromancy
 20964 | Zig:15   | HP: 212/228 [arc of chain lightning (16)]
 20970 | Zig:15   | Found the +2 Maxwell's thermic engine {flame, freeze, rev}
 21000 | Zig:15   | Identified the +5 shortbow of the Spectre {heavy, +Blink
                  | Will+ Str+3}
 21004 | Zig:15   | Identified the +5 lajatang "Eggi Bez" {freeze, rF- rCorr
                  | Str+4}
 21005 | Zig:15   | Identified the staff of cold "Doenn" {rElec rF- rC+ Dex+5
                  | SInv}
 21021 | Zig:16   | Entered Level 16 of a ziggurat
 21027 | Zig:16   | Noticed a caustic shrike
 21028 | Zig:16   | Noticed a caustic shrike
 21029 | Zig:16   | Killed a caustic shrike
 21030 | Zig:16   | Killed a caustic shrike
 21030 | Zig:16   | HP: 214/228 [arc of chain lightning (14)]
 21036 | Zig:16   | HP: 214/231 [arc of chain lightning (9)]
 21059 | Zig:16   | Identified the +0 robe of Bad Feelings {Harm rCorr Str-4
                  | Dex+2}
 21073 | Zig:16   | Got Itequsch's Cyclopedia of Contaminated Erosion
 21095 | Zig:16   | Learned a level 2 spell: Sublimation of Blood
 21108 | Zig:17   | Entered Level 17 of a ziggurat
 21116 | Zig:17   | Noticed a shard shrike
 21116 | Zig:17   | HP: 241/300 [??? (59)]
 21116 | Zig:17   | Noticed a shard shrike
 21117 | Zig:17   | Killed a shard shrike
 21117 | Zig:17   | Killed a shard shrike
 21118 | Zig:17   | Noticed a shard shrike
 21119 | Zig:17   | Killed a shard shrike
 21121 | Zig:17   | HP: 197/300 [arc of chain lightning (1)]
 21157 | Zig:17   | Identified the staff of air "Miebearu" {rElec Will+}
 21159 | Zig:17   | Identified the staff of death "Faciudd" {rN+ Dex+3}
 21163 | Zig:17   | Identified the +3 plate armour of Poholl Jamo {rF- Int+4
                  | SInv}
 21164 | Zig:17   | Identified the staff of air "Osocof" {rElec rPois rC++ rN+
                  | Int-3}
 21191 | Zig:18   | Entered Level 18 of a ziggurat
 21200 | Zig:18   | HP: 217/231 [red draconian scorcher/bolt of magma (14)]
 21205 | Zig:18   | HP: 133/232 [arc of chain lightning (10)]
 21210 | Zig:18   | HP: 77/233 [poison (poison gas)]
 21215 | Zig:18   | HP: 89/233 [poison (poison gas)]
 21220 | Zig:18   | HP: 119/233 [poison (poison gas)]
 21222 | Zig:18   | Found the +4 Cigotuvi's embrace {Corpsefed rMiasma Drain
                  | rN+}
 21232 | Zig:18   | Got Hed Muak's Guidebook on Accelerants and Arcane Weapons
 21252 | Zig:18   | Identified the amulet "Quxtox" {Spirit Regen+ Dex+6 Stlth+}
 21256 | Zig:18   | Identified the +0 great mace "Zutuj" {vamp, rPois rF- Str+4
                  | SInv}
 21264 | Zig:18   | Identified the +6 sling of the Dozen Bones {speed, rC+ rN++
                  | Str+2 Dex-2}
 21266 | Zig:18   | Identified the ring "Loezxij" {rPois SInv}
 21284 | Zig:19   | Entered Level 19 of a ziggurat
 21297 | Zig:19   | HP: 227/233 [arc of chain lightning (6)]
 21302 | Zig:19   | HP: 210/234 [daeva/divine providence (12)]
 21305 | Zig:19   | Reached skill level 10 in Transmutations
 21307 | Zig:19   | HP: 176/234 [arc of chain lightning (7)]
 21312 | Zig:19   | HP: 171/234 [arc of chain lightning (12)]
 21333 | Zig:19   | Identified the staff of fire "Gateygot" {rF+ rC+ rN+ Will-
                  | Str+6}
 21352 | Zig:19   | Identified the staff of air "Nasy" {rElec rPois rN+ rCorr}
 21358 | Zig:19   | Identified the ring of Remof {Fire rN+ Str+5 Int+3 Dex-4}
 21364 | Zig:19   | Reached skill level 10 in Necromancy
 21381 | Zig:20   | Entered Level 20 of a ziggurat
 21395 | Zig:20   | HP: 131/236 [??? (105)]
 21402 | Zig:20   | HP: 162/306 [Ice Fiend/bolt of cold (11)]
 21404 | Zig:20   | Paralysed by a wendigo for 1 turns
 21423 | Zig:20   | Found the +3 hat of Pondering {ponderous, Will+ MP+10
                  | Int+5}
 21429 | Zig:20   | Identified the ring of Day {rPois rCorr}
 21447 | Zig:20   | Identified the +0 ring mail of Gozomil {Dex+4}
 21451 | Zig:20   | Identified the +1 leather armour of Cocytus {rF+}
 21462 | Zig:20   | Identified the +0 scale mail of the Guild-Master {Int+3}
 21468 | Zig:20   | Identified the +9 battleaxe "Anlieziu" {flame, Contam rPois
                  | rF+ rC++}
 21537 | Zig:21   | Entered Level 21 of a ziggurat
 21548 | Zig:21   | HP: 246/306 [??? (60)]
 21553 | Zig:21   | HP: 241/306 [arc of chain lightning (1)]
 21555 | Zig:21   | Noticed Zooboott the pandemonium lord
 21556 | Zig:21   | HP: 98/309 [??? (23)]
 21557 | Zig:21   | HP: 19/309 [Hell Sentinel/damnation (37)]
 21564 | Zig:21   | Killed Zooboott the pandemonium lord
 21569 | Zig:21   | HP: 198/309 [demonspawn black sun/+1 glaive of flaming
                  | (10)]
 21596 | Zig:21   | Identified the +11 chain mail "Wiemus" {rPois rC- Str+3
                  | SInv}
 21600 | Zig:21   | Identified the staff of poison "Buyt" {rElec rPois Int+5
                  | Stlth-}
 21603 | Zig:21   | Identified the +8 whip "Raemota" {heavy, Dex+2}
 21606 | Zig:21   | Identified the +6 trident of Sloth {heavy, *Noise rElec
                  | Int+6}
 21611 | Zig:21   | Identified the +1 fire dragon scales of Free Expression
                  | {Rampage +Inv rF++ rC- Will-}
 21682 | Zig:22   | Entered Level 22 of a ziggurat
 21692 | Zig:22   | HP: 298/312 [daeva/divine providence (14)]
 21697 | Zig:22   | HP: 270/312 [arc of chain lightning (4)]
 21702 | Zig:22   | HP: 201/312 [arc of chain lightning (7)]
 21758 | Zig:22   | Identified the +5 dagger "Huelos" {venom, Dex+2}
 21766 | Zig:22   | Identified the +11 short sword of Responsibility {speed,
                  | rC+}
 21776 | Zig:22   | Identified the staff of conjuration "Fuwuh" {rPois rC+
                  | Dex+2}
 21832 | Zig:22   | Learned a level 8 spell: Necromutation
 21833 | Zig:23   | Entered Level 23 of a ziggurat
 21839 | Zig:23   | Noticed a juggernaut
 21839 | Zig:23   | Noticed a juggernaut
 21841 | Zig:23   | Killed a juggernaut
 21841 | Zig:23   | Killed a juggernaut
 21847 | Zig:23   | Noticed a juggernaut
 21848 | Zig:23   | Noticed a juggernaut
 21850 | Zig:23   | Killed a juggernaut
 21850 | Zig:23   | Killed a juggernaut
 21850 | Zig:23   | Noticed a juggernaut
 21851 | Zig:23   | Noticed a juggernaut
 21851 | Zig:23   | Noticed a juggernaut
 21851 | Zig:23   | Noticed a juggernaut
 21851 | Zig:23   | Killed a juggernaut
 21853 | Zig:23   | Killed a juggernaut
 21853 | Zig:23   | Killed a juggernaut
 21854 | Zig:23   | HP: 242/246 [arc of chain lightning (4)]
 21855 | Zig:23   | Killed a juggernaut
 21861 | Zig:23   | Noticed a juggernaut
 21863 | Zig:23   | HP: 240/246 [arc of chain lightning (6)]
 21864 | Zig:23   | Killed a juggernaut
 21870 | Zig:23   | HP: 236/246 [arc of chain lightning (10)]
 21889 | Zig:23   | Found the +6 lightning scales {swift, rElec}
 21896 | Zig:23   | Identified the ring "Kewa Coh" {*Slow rC+ rN+ Dex+3}
 21904 | Zig:23   | Identified the +0 halberd of Fate {antimagic, rC+ Str+2
                  | Int+3}
 21982 | Zig:24   | Entered Level 24 of a ziggurat
 21996 | Zig:24   | HP: 212/246 [salamander tyrant (34)]
 22000 | Zig:24   | Reached skill level 27 in Spellcasting
 22001 | Zig:24   | HP: 111/246 [arc of chain lightning (16)]
 22004 | Zig:24   | Reached skill level 15 in Earth Magic
 22029 | Zig:24   | Learned a level 9 spell: Shatter
 22043 | Zig:24   | Identified the staff of earth "Jaimytoq" {MP+9 Str+3}
 22049 | Zig:24   | Identified the +4 short sword of Expedience {vamp, Int+3}
 22068 | Zig:24   | Identified the +6 dagger "Zoirph" {heavy, rC+ Int+3 Dex+3
                  | Stlth+}
 22108 | Zig:25   | Entered Level 25 of a ziggurat
 22114 | Zig:25   | Noticed a juggernaut
 22116 | Zig:25   | HP: 243/246 [stone giant/large rock (3)]
 22118 | Zig:25   | Killed a juggernaut
 22120 | Zig:25   | Noticed a juggernaut
 22121 | Zig:25   | HP: 222/246 [stone giant/large rock (4)]
 22123 | Zig:25   | Killed a juggernaut
 22123 | Zig:25   | Noticed a juggernaut
 22125 | Zig:25   | Killed a juggernaut
 22126 | Zig:25   | Noticed a juggernaut
 22128 | Zig:25   | Killed a juggernaut
 22130 | Zig:25   | Noticed a juggernaut
 22132 | Zig:25   | Killed a juggernaut
 22133 | Zig:25   | Noticed a juggernaut
 22136 | Zig:25   | Killed a juggernaut
 22136 | Zig:25   | HP: 216/246 [arc of chain lightning (7)]
 22148 | Zig:25   | Found the +9 sword of Power {lifebolt}
 22162 | Zig:25   | Identified the staff of fire "Cepub" {rF+ Int+4}
 22168 | Zig:25   | Identified the staff of death "Unatip" {rN+ Will++}
 22171 | Zig:25   | Identified the +10 falchion of Saltpetre {chaos, Drain
                  | Int+3 Dex+5}
 22272 | Zig:26   | Entered Level 26 of a ziggurat
 22282 | Zig:26   | Noticed a shard shrike
 22283 | Zig:26   | Killed a shard shrike
 22283 | Zig:26   | HP: 232/246 [arc of chain lightning (14)]
 22283 | Zig:26   | Noticed a shard shrike
 22285 | Zig:26   | Noticed a shard shrike
 22286 | Zig:26   | Noticed a shard shrike
 22287 | Zig:26   | Killed a shard shrike
 22287 | Zig:26   | Killed a shard shrike
 22288 | Zig:26   | HP: 179/246 [something (1)]
 22288 | Zig:26   | Noticed a shard shrike
 22292 | Zig:26   | Killed a shard shrike
 22293 | Zig:26   | Killed a shard shrike
 22296 | Zig:26   | HP: 129/246 [arc of chain lightning (12)]
 22309 | Zig:26   | Found the +2 hat of the Bear Spirit {Spirit, Bear, *Rage
                  | Will++}
 22327 | Zig:26   | Identified the ring "Esozoxkount" {Contam rElec rPois
                  | Stlth+}
 22329 | Zig:26   | Identified the staff of conjuration "Tuteo" {rF+++ Will+
                  | Dex-3 Stlth+}
 22334 | Zig:26   | Identified the +7 mace of a sewer {chaos, Int+3}
 22335 | Zig:26   | Identified the ring "Liast" {rC+ rCorr Int+6 Slay+3}
 22339 | Zig:26   | Identified the ring of Caxoshusma {Fire rPois Int+6 Dex+2}
 22350 | Zig:26   | Identified the staff of air "Ecuosang" {rElec Int+3}
 22355 | Zig:26   | Identified the +5 broad axe "Starlight" {venom, rElec MP+9
                  | Str+4}
 22433 | Zig:27   | Entered Level 27 of a ziggurat
 22443 | Zig:27   | Noticed a juggernaut
 22443 | Zig:27   | Noticed a juggernaut
 22443 | Zig:27   | Noticed a juggernaut
 22443 | Zig:27   | HP: 229/246 [orc high priest/+0 glaive (17)]
 22444 | Zig:27   | Noticed a juggernaut
 22444 | Zig:27   | Noticed a juggernaut
 22446 | Zig:27   | Killed a juggernaut
 22446 | Zig:27   | Killed a juggernaut
 22446 | Zig:27   | Noticed a juggernaut
 22447 | Zig:27   | Killed a juggernaut
 22447 | Zig:27   | Killed a juggernaut
 22447 | Zig:27   | Noticed a juggernaut
 22448 | Zig:27   | Killed a juggernaut
 22449 | Zig:27   | Killed a juggernaut
 22450 | Zig:27   | Killed a juggernaut
 22450 | Zig:27   | HP: 228/246 [arc of chain lightning (7)]
 22451 | Zig:27   | Noticed a juggernaut
 22454 | Zig:27   | Killed a juggernaut
 22457 | Zig:27   | HP: 242/246 [arc of chain lightning (4)]
 22471 | Zig:27   | Identified the staff of fire "Naffetro" {rElec rF+}
 22474 | Zig:27   | Identified the ring of the Peasants {Dex+2 Slay+4}
 22685 | Depths:1 | HP: 233/246 [arc of chain lightning (13)]
 22691 | Depths:1 | HP: 229/246 [arc of chain lightning (11)]
 22700 | Depths:1 | Reached skill level 27 in Earth Magic
 22702 | Depths:1 | HP: 240/246 [spark wasp/living lightning (6)]
 22710 | Depths:1 | HP: 216/246 [arc of chain lightning (10)]
 22744 | D:15     | HP: 234/246 [arc of chain lightning (12)]
 23043 | Lair:4   | Found a staircase to the Slime Pits.
 23053 | Slime:1  | Entered Level 1 of the Pits of Slime
 23062 | Slime:1  | HP: 241/246 [acid blob/splash of acid (5)]
 23073 | Slime:2  | HP: 235/246 [arc of chain lightning (11)]
 23080 | Slime:3  | HP: 233/246 [arc of chain lightning (13)]
 23085 | Slime:3  | HP: 225/246 [arc of chain lightning (11)]
 23091 | Slime:3  | HP: 244/247 [azure jelly (3)]
 23097 | Slime:3  | HP: 237/247 [arc of chain lightning (10)]
 23102 | Slime:4  | HP: 238/247 [something (9)]
 23115 | Slime:5  | Entered Level 5 of the Pits of Slime
 23128 | Slime:5  | Noticed the Royal Jelly
 23130 | Slime:5  | HP: 244/248 [arc of chain lightning (4)]
 23131 | Slime:5  | Killed the Royal Jelly
 23140 | Slime:5  | Reached skill level 27 in Air Magic
 23141 | Slime:5  | HP: 235/248 [arc of chain lightning (13)]
 23152 | Slime:5  | HP: 244/248 [arc of chain lightning (4)]
 23166 | Slime:5  | HP: 240/248 [arc of chain lightning (8)]
 23173 | Slime:5  | Identified the +2 pair of gloves of Sif Muna's Envy
                  | {Rampage rF+ Str+3 Dex-4}
 23182 | Slime:5  | Got a slimy rune of Zot
 23183 | Slime:5  | Identified the ring "Sugrap" {rElec rF+++ rN+++ Will-
                  | Int+6}
 23237 | Slime:5  | Identified the +5 flail "Ajunug" {spect, rElec rPois rN+
                  | Int-3}
 23239 | Slime:5  | Got the Dissertation on Transfiguration
 23245 | Slime:5  | Acquired 637 gold pieces
 23258 | Slime:5  | Identified the ring of Jetauq {+Blink rC+ Int-3 Slay+5}
 23279 | Slime:5  | Identified the +8 plate armour "Qogel Hitu" {rN+ Will-
                  | Int+5}
 23328 | Slime:4  | HP: 241/248 [arc of chain lightning (7)]
 23336 | Slime:4  | HP: 232/248 [arc of chain lightning (16)]
 23816 | Vaults:4 | HP: 240/249 [arc of chain lightning (9)]
 23931 | Vaults:5 | HP: 246/249 [arc of chain lightning (3)]
 24118 | Vaults:5 | HP: 241/249 [arc of chain lightning (8)]
 24354 | Vaults:5 | HP: 244/249 [arc of chain lightning (5)]
 24682 | Vaults:4 | HP: 245/249 [arc of chain lightning (4)]
 24684 | Vaults:4 | Found Naihurem's General Store.
 24728 | Vaults:4 | HP: 237/249 [arc of chain lightning (12)]
 24849 | Vaults:4 | HP: 238/249 [deep elf annihilator/bolt of lightning (11)]
 25138 | Vaults:3 | Found a staircase to the Crypt.
 25138 | Vaults:3 | Found a basalt altar of Yredelemnul.
 25138 | Vaults:3 | Found an ancient bone altar of Kikubaaqudgha.
 25147 | Crypt:1  | Entered Level 1 of the Crypt
 25152 | Crypt:1  | HP: 315/325 [arc of chain lightning (10)]
 25163 | Crypt:1  | HP: 244/250 [arc of chain lightning (6)]
 25196 | Crypt:1  | HP: 241/250 [arc of chain lightning (9)]
 25223 | Crypt:1  | HP: 245/250 [arc of chain lightning (5)]
 25230 | Crypt:1  | HP: 247/250 [arc of chain lightning (3)]
 25235 | Crypt:1  | HP: 237/250 [arc of chain lightning (13)]
 25314 | Crypt:1  | HP: 247/250 [arc of chain lightning (3)]
 25371 | Crypt:2  | HP: 247/250 [arc of chain lightning (3)]
 25382 | Crypt:2  | HP: 242/250 [arc of chain lightning (8)]
 25397 | Crypt:2  | HP: 246/250 [arc of chain lightning (4)]
 25403 | Crypt:2  | HP: 243/250 [arc of chain lightning (7)]
 25409 | Crypt:2  | HP: 243/250 [arc of chain lightning (7)]
 25414 | Crypt:2  | HP: 239/250 [arc of chain lightning (11)]
 25421 | Crypt:2  | HP: 197/241 [arc of chain lightning (11)]
 25427 | Crypt:2  | HP: 182/246 [arc of chain lightning (16)]
 25433 | Crypt:2  | HP: 183/250 [arc of chain lightning (9)]
 25438 | Crypt:2  | HP: 168/251 [arc of chain lightning (16)]
 25448 | Crypt:2  | HP: 208/251 [arc of chain lightning (9)]
 25486 | Crypt:3  | Entered Level 3 of the Crypt
 25487 | Crypt:3  | HP: 241/251 [arc of chain lightning (10)]
 25505 | Crypt:3  | Acquired 723 gold pieces
 25511 | Crypt:3  | HP: 242/251 [arc of chain lightning (9)]
 25512 | Crypt:3  | Found a staircase to the Tomb.
 25524 | Tomb:1   | Entered Level 1 of the Tomb of the Ancients
 25570 | Tomb:1   | HP: 229/251 [ushabti/dispel undead (22)]
 25592 | Tomb:1   | Noticed a royal mummy
 25593 | Tomb:1   | HP: 241/251 [arc of chain lightning (10)]
 25594 | Tomb:1   | Noticed a royal mummy
 25594 | Tomb:1   | Noticed a royal mummy
 25594 | Tomb:1   | Noticed a royal mummy
 25595 | Tomb:1   | Killed a royal mummy
 25595 | Tomb:1   | Noticed a royal mummy
 25596 | Tomb:1   | Killed a royal mummy
 25598 | Tomb:1   | Killed a royal mummy
 25598 | Tomb:1   | HP: 222/251 [arc of chain lightning (7)]
 25600 | Tomb:1   | Killed a royal mummy
 25601 | Tomb:1   | Killed a royal mummy
 25603 | Tomb:1   | Noticed a royal mummy
 25605 | Tomb:1   | HP: 226/253 [arc of chain lightning (10)]
 25606 | Tomb:1   | Killed a royal mummy
 25606 | Tomb:1   | Noticed a royal mummy
 25611 | Tomb:1   | HP: 222/253 [royal mummy/divine providence (11)]
 25616 | Tomb:1   | HP: 223/253 [death scarab[a royal mummy] (13)]
 25641 | Tomb:1   | HP: 245/253 [emperor scorpion[a royal mummy] (7)]
 25646 | Tomb:1   | Killed a royal mummy
 25646 | Tomb:1   | Noticed a royal mummy
 25649 | Tomb:1   | HP: 239/253 [arc of chain lightning (9)]
 25650 | Tomb:1   | Killed a royal mummy
 25650 | Tomb:1   | Noticed a royal mummy
 25653 | Tomb:1   | Killed a royal mummy
 25697 | Tomb:1   | Noticed a royal mummy
 25698 | Tomb:1   | Noticed a royal mummy
 25700 | Tomb:1   | Killed a royal mummy
 25700 | Tomb:1   | Killed a royal mummy
 25701 | Tomb:1   | Noticed a royal mummy
 25703 | Tomb:1   | HP: 241/254 [royal mummy/divine providence (13)]
 25707 | Tomb:1   | Killed a royal mummy
 25708 | Tomb:1   | Noticed a royal mummy
 25708 | Tomb:1   | Noticed a royal mummy
 25709 | Tomb:1   | Killed a royal mummy
 25711 | Tomb:1   | HP: 229/254 [arc of chain lightning (12)]
 25711 | Tomb:1   | Killed a royal mummy
 25711 | Tomb:1   | Noticed a royal mummy
 25714 | Tomb:1   | Killed a royal mummy
 25727 | Tomb:1   | Noticed a royal mummy
 25728 | Tomb:1   | HP: 245/254 [ushabti/dispel undead (9)]
 25729 | Tomb:1   | Noticed a royal mummy
 25731 | Tomb:1   | Killed a royal mummy
 25733 | Tomb:1   | HP: 211/254 [arc of chain lightning (10)]
 25733 | Tomb:1   | Killed a royal mummy
 25737 | Tomb:1   | Noticed a royal mummy
 25739 | Tomb:1   | HP: 229/254 [arc of chain lightning (13)]
 25739 | Tomb:1   | Killed a royal mummy
 25745 | Tomb:1   | HP: 244/254 [arc of chain lightning (10)]
 25762 | Tomb:2   | HP: 241/254 [arc of chain lightning (13)]
 25770 | Tomb:2   | HP: 223/246 [something (23)]
 25779 | Tomb:2   | HP: 228/247 [arc of chain lightning (13)]
 25793 | Tomb:3   | Entered Level 3 of the Tomb of the Ancients
 25799 | Tomb:3   | HP: 235/248 [arc of chain lightning (13)]
 25804 | Tomb:3   | Noticed a royal mummy
 25805 | Tomb:3   | HP: 242/254 [arc of chain lightning (5)]
 25806 | Tomb:3   | Noticed a royal mummy
 25807 | Tomb:3   | Killed a royal mummy
 25810 | Tomb:3   | HP: 242/255 [eldritch tentacle[a Zot trap] (2)]
 25813 | Tomb:3   | Killed a royal mummy
 25813 | Tomb:3   | Noticed a royal mummy
 25820 | Tomb:3   | Killed a royal mummy
 25823 | Tomb:3   | HP: 248/256 [arc of chain lightning (6)]
 25830 | Tomb:3   | Noticed a royal mummy
 25832 | Tomb:3   | HP: 247/256 [arc of chain lightning (9)]
 25834 | Tomb:3   | Killed a royal mummy
 25841 | Tomb:3   | HP: 201/256 [revenant/dispel undead (55)]
 25857 | Tomb:3   | HP: 243/256 [guardian mummy (13)]
 25865 | Tomb:3   | HP: 246/256 [arc of chain lightning (10)]
 25869 | Tomb:3   | Noticed a royal mummy
 25870 | Tomb:3   | HP: 253/256 [arc of chain lightning (3)]
 25873 | Tomb:3   | Killed a royal mummy
 25883 | Tomb:3   | HP: 247/256 [arc of chain lightning (9)]
 25887 | Tomb:3   | Noticed a royal mummy
 25888 | Tomb:3   | HP: 206/256 [arc of chain lightning (13)]
 25890 | Tomb:3   | Noticed a royal mummy
 25891 | Tomb:3   | Killed a royal mummy
 25894 | Tomb:3   | HP: 182/256 [arc of chain lightning (7)]
 25895 | Tomb:3   | Killed a royal mummy
 25920 | Tomb:3   | HP: 244/256 [arc of chain lightning (12)]
 25959 | Tomb:3   | HP: 240/256 [arc of chain lightning (16)]
 25968 | Tomb:3   | HP: 250/256 [arc of chain lightning (6)]
 25977 | Tomb:3   | HP: 249/256 [arc of chain lightning (7)]
 25978 | Tomb:3   | Noticed a royal mummy
 25981 | Tomb:3   | Killed a royal mummy
 25983 | Tomb:3   | Got the Quarto of Profane Liturgies
 25997 | Tomb:3   | HP: 253/258 [arc of chain lightning (5)]
 26001 | Tomb:3   | Got a golden rune of Zot
 26021 | Tomb:3   | Noticed a royal mummy
 26023 | Tomb:3   | HP: 249/258 [royal mummy/divine providence (9)]
 26025 | Tomb:3   | Killed a royal mummy
 26087 | Tomb:3   | HP: 240/258 [arc of chain lightning (18)]
 26111 | Tomb:3   | Identified the staff of death "Huna" {rN+ Will+ Str-4 Int+4
                  | Stlth+}
 26112 | Tomb:3   | Identified the +9 broad axe "Xiadof" {pain, rC+ MP-9 Str+4}
 26112 | Tomb:3   | Found the +7 sceptre of Torment {pain, torment}
 26115 | Tomb:3   | Identified the staff of death "Roargh" {rElec rN+}
 26122 | Tomb:3   | Identified the ring of Conformity {rN++ Slay+4}
 26123 | Tomb:3   | Identified the ring "Kibun" {Fly rPois rF+ Will- SInv}
 26124 | Tomb:3   | Identified the +1 battleaxe "Coki" {freeze, *Slow Will+
                  | Str+2}
 26125 | Tomb:3   | Identified the amulet "Jixakiowk" {RegenMP rElec rF+++
                  | Dex-3}
 26130 | Tomb:3   | Identified the staff of fire "Lijej" {rF+ Stlth+}
 26165 | Tomb:3   | Identified the ring of Wokoal {rElec rPois rF+ rN++ Dex+6}
 26173 | Tomb:3   | Identified the +0 cloak "Woquef" {Rampage Int+3}
 26193 | Tomb:3   | HP: 245/258 [arc of chain lightning (13)]
 26204 | Tomb:3   | HP: 238/258 [arc of chain lightning (20)]
 26413 | Tomb:2   | HP: 245/258 [arc of chain lightning (13)]
 26421 | Tomb:1   | HP: 243/258 [arc of chain lightning (15)]
 26424 | Tomb:1   | Noticed a royal mummy
 26426 | Tomb:1   | HP: 253/258 [arc of chain lightning (5)]
 26427 | Tomb:1   | Killed a royal mummy
 26432 | Tomb:1   | HP: 252/258 [arc of chain lightning (6)]
 26452 | Tomb:1   | HP: 246/258 [mummy priest/divine providence (12)]
 26458 | Tomb:1   | HP: 239/258 [arc of chain lightning (16)]
 26491 | Crypt:3  | HP: 254/258 [arc of chain lightning (4)]
 26497 | Crypt:3  | HP: 245/258 [arc of chain lightning (13)]
 26512 | Crypt:3  | HP: 245/258 [arc of chain lightning (13)]
 26518 | Crypt:3  | HP: 251/258 [arc of chain lightning (7)]
 26525 | Crypt:3  | Reached skill level 27 in Conjurations
 26527 | Crypt:3  | HP: 242/258 [arc of chain lightning (16)]
 26543 | Crypt:3  | Found an ancient bone altar of Kikubaaqudgha.
 26552 | Crypt:3  | HP: 256/259 [harpy skeleton (3)]
 26555 | Crypt:3  | Noticed a dread lich
 26557 | Crypt:3  | Killed a dread lich
 26568 | Crypt:3  | Identified the +1 troll leather armour of Xom's Whim
                  | {Rampage Regen+ Int-3 SInv Stlth+}
 26574 | Crypt:3  | HP: 238/259 [arc of chain lightning (21)]
 26623 | Crypt:3  | HP: 246/259 [arc of chain lightning (13)]
 26633 | Crypt:3  | HP: 243/259 [arc of chain lightning (16)]
 26638 | Crypt:3  | Identified the ring of Youthful Indiscretion {rN+ MP+9}
 26641 | Crypt:3  | HP: 250/260 [arc of chain lightning (10)]
 26648 | Crypt:3  | HP: 245/260 [arc of chain lightning (7)]
 26666 | Crypt:3  | Identified the ring of the Modern Friars {rN+ Int+2}
 26682 | Crypt:3  | HP: 256/260 [arc of chain lightning (4)]
 26700 | Crypt:3  | HP: 248/260 [arc of chain lightning (12)]
 26721 | Crypt:3  | HP: 242/260 [arc of chain lightning (18)]
 26734 | Crypt:3  | HP: 240/260 [arc of chain lightning (19)]
 26781 | Crypt:2  | HP: 254/261 [arc of chain lightning (7)]
 26789 | Crypt:2  | HP: 246/261 [arc of chain lightning (15)]
 26832 | Crypt:1  | HP: 253/261 [arc of chain lightning (8)]
 27132 | Depths:1 | Found a basalt altar of Yredelemnul.
 27152 | Depths:1 | HP: 254/261 [arc of chain lightning (7)]
 27160 | Depths:1 | HP: 253/261 [arc of chain lightning (8)]
 27169 | Depths:1 | HP: 253/261 [arc of chain lightning (8)]
 27183 | Depths:1 | HP: 234/261 [spriggan air mage/the air (27)]
 27257 | Pan      | Entered Pandemonium
 27279 | Pan      | HP: 252/261 [arc of chain lightning (9)]
 27287 | Pan      | HP: 252/261 [arc of chain lightning (9)]
 27329 | Pan      | HP: 254/261 [arc of chain lightning (7)]
 27331 | Pan      | Noticed Ignacio
 27331 | Pan      | Noticed Fypred the pandemonium lord
 27332 | Pan      | Killed Fypred the pandemonium lord
 27337 | Pan      | HP: 253/264 [Ignacio/+7 executioner's axe of pain (11)]
 27338 | Pan      | Killed Ignacio
 27350 | Pan      | HP: 227/264 [arc of chain lightning (10)]
 27368 | Pan      | Got a demonic rune of Zot
 27373 | Pan      | HP: 254/264 [smoke demon/divine providence (10)]
 27399 | Pan      | HP: 251/264 [balrug/bolt of fire (13)]
 27407 | Pan      | HP: 257/264 [blizzard demon/bolt of lightning (7)]
 27421 | Pan      | HP: 254/264 [arc of chain lightning (10)]
 27457 | Pan      | HP: 259/264 [arc of chain lightning (5)]
 27466 | Pan      | HP: 254/264 [arc of chain lightning (10)]
 27480 | Pan      | HP: 257/264 [arc of chain lightning (7)]
 27503 | Pan      | HP: 244/264 [something (20)]
 27514 | Pan      | HP: 259/264 [arc of chain lightning (5)]
 27560 | Pan      | HP: 254/264 [arc of chain lightning (10)]
 27565 | Pan      | HP: 259/264 [something (5)]
 27595 | Pan      | HP: 254/264 [arc of chain lightning (10)]
 27607 | Pan      | HP: 254/264 [arc of chain lightning (10)]
 27616 | Pan      | HP: 254/264 [arc of chain lightning (10)]
 27637 | Pan      | HP: 255/266 [demonic crawler (11)]
 27664 | Pan      | HP: 255/266 [soul eater (11)]
 27669 | Pan      | HP: 228/256 [something (25)]
 27693 | Pan      | HP: 251/257 [ghost moth (6)]
 27743 | Pan      | HP: 244/260 [arc of chain lightning (16)]
 27760 | Pan      | HP: 252/260 [arc of chain lightning (8)]
 27770 | Pan      | HP: 257/261 [arc of chain lightning (4)]
 27775 | Pan      | HP: 227/253 [something (26)]
 27781 | Pan      | HP: 159/248 [arc of chain lightning (4)]
 27788 | Pan      | HP: 187/253 [arc of chain lightning (9)]
 27803 | Pan      | HP: 244/256 [arc of chain lightning (12)]
 27819 | Pan      | HP: 228/259 [demonspawn warmonger/arrow (31)]
 27831 | Pan      | HP: 238/260 [Hell Sentinel/damnation (22)]
 27841 | Pan      | HP: 248/260 [balrug/divine providence (12)]
 27849 | Pan      | HP: 256/261 [demonspawn warmonger/+3 demon whip of venom
                  | (5)]
 27893 | Pan      | HP: 259/264 [arc of chain lightning (5)]
 27939 | Pan      | HP: 253/266 [arc of chain lightning (13)]
 27950 | Pan      | Identified the +2 sling of the Queen {freeze, Str+3}
 27994 | Pan      | HP: 250/266 [arc of chain lightning (16)]
 28006 | Pan      | HP: 254/266 [arc of chain lightning (12)]
 28014 | Pan      | HP: 250/266 [arc of chain lightning (16)]
 28019 | Pan      | HP: 242/266 [hellion/damnation (24)]
 28024 | Pan      | HP: 190/266 [arc of chain lightning (15)]
 28025 | Pan      | Noticed Dosh the pandemonium lord
 28028 | Pan      | Killed Dosh the pandemonium lord
 28035 | Pan      | HP: 245/268 [arc of chain lightning (10)]
 28043 | Pan      | HP: 259/268 [arc of chain lightning (9)]
 28076 | Pan      | Noticed Coiwoer the pandemonium lord
 28080 | Pan      | HP: 258/268 [arc of chain lightning (10)]
 28081 | Pan      | Killed Coiwoer the pandemonium lord
 28085 | Pan      | HP: 215/268 [arc of chain lightning (14)]
 28096 | Pan      | HP: 264/268 [blizzard demon (4)]
 28104 | Pan      | HP: 264/268 [arc of chain lightning (4)]
 28109 | Pan      | HP: 258/268 [arc of chain lightning (10)]
 28123 | Pan      | HP: 258/268 [arc of chain lightning (10)]
 28145 | Pan      | Entered the realm of Gloorx Vloq.
 28146 | Pan      | HP: 259/268 [arc of chain lightning (9)]
 28150 | Pan      | Reached skill level 1 in Staves
 28153 | Pan      | HP: 245/268 [arc of chain lightning (19)]
 28160 | Pan      | HP: 256/269 [arc of chain lightning (13)]
 28165 | Pan      | HP: 247/269 [arc of chain lightning (6)]
 28207 | Pan      | HP: 266/269 [something (3)]
 28212 | Pan      | HP: 234/262 [arc of chain lightning (7)]
 28219 | Pan      | HP: 232/264 [arc of chain lightning (10)]
 28239 | Pan      | HP: 257/267 [arc of chain lightning (10)]
 28253 | Pan      | HP: 260/269 [arc of chain lightning (9)]
 28260 | Pan      | HP: 254/269 [arc of chain lightning (13)]
 28266 | Pan      | HP: 251/269 [arc of chain lightning (7)]
 28267 | Pan      | Noticed Gloorx Vloq
 28271 | Pan      | HP: 132/269 [??? (129)]
 28272 | Pan      | Killed Gloorx Vloq
 28295 | Pan      | Got a dark rune of Zot
 28330 | Pan      | HP: 259/269 [arc of chain lightning (10)]
 28332 | Pan      | Entered the realm of Lom Lobon.
 28332 | Pan      | Noticed Lom Lobon
 28335 | Pan      | HP: 234/269 [arc of chain lightning (13)]
 28338 | Pan      | Killed Lom Lobon
 28339 | Pan      | Reached skill level 5 in Staves
 28340 | Pan      | HP: 129/269 [arc of chain lightning (13)]
 28343 | Pan      | Got a magical rune of Zot
 28394 | Pan      | HP: 258/269 [arc of chain lightning (11)]
 28399 | Pan      | HP: 241/269 [arc of chain lightning (19)]
 28405 | Pan      | HP: 261/270 [arc of chain lightning (9)]
 28417 | Pan      | HP: 266/270 [Executioner (4)]
 28418 | Pan      | Entered the realm of Mnoleg.
 28422 | Pan      | HP: 239/270 [arc of chain lightning (7)]
 28427 | Pan      | HP: 217/270 [arc of chain lightning (12)]
 28432 | Pan      | HP: 200/270 [arc of chain lightning (13)]
 28440 | Pan      | HP: 237/270 [arc of chain lightning (7)]
 28445 | Pan      | HP: 256/270 [arc of chain lightning (7)]
 28446 | Pan      | Noticed Mnoleg
 28451 | Pan      | Killed Mnoleg
 28451 | Pan      | HP: 248/270 [arc of chain lightning (12)]
 28457 | Pan      | HP: 189/270 [arc of chain lightning (9)]
 28464 | Pan      | HP: 192/270 [disintegration (10)]
 28525 | Pan      | Got a glowing rune of Zot
 28536 | Pan      | Found an exit through the horrors of the Abyss.
 28592 | Pan      | HP: 260/270 [arc of chain lightning (10)]
 28599 | Pan      | HP: 260/270 [arc of chain lightning (10)]
 28612 | Pan      | Entered the realm of Cerebov.
 28613 | Pan      | HP: 258/270 [arc of chain lightning (12)]
 28647 | Pan      | Identified the +8 demon whip "Biupru" {protect, rElec rC++
                  | Will- SInv}
 28648 | Pan      | HP: 254/270 [arc of chain lightning (16)]
 28661 | Pan      | HP: 262/271 [arc of chain lightning (9)]
 28666 | Pan      | HP: 232/271 [arc of chain lightning (13)]
 28669 | Pan      | Reached skill level 15 in Necromancy
 28690 | Pan      | HP: 261/271 [arc of chain lightning (10)]
 28699 | Pan      | Got the Tome of Orientation
 28700 | Pan      | Identified the staff of poison "Xoopen" {rPois rN++}
 28700 | Pan      | Found the +6 sword of Cerebov {flame}
 28700 | Pan      | Noticed Cerebov
 28705 | Pan      | HP: 210/271 [Cerebov/iron shot (61)]
 28710 | Pan      | HP: 125/271 [arc of chain lightning (2)]
 28711 | Pan      | Killed Cerebov
 28717 | Pan      | Got a fiery rune of Zot
 28726 | Pan      | Identified the staff of cold "Luediduq" {rF++ rC+ rN+ MP+9}
 28764 | Pan      | Identified the +4 morningstar of Excruciating Pain
                  | {antimagic, Str+5 Int+3 Dex-5}
 28780 | Pan      | HP: 262/271 [arc of chain lightning (9)]
 28789 | Pan      | HP: 261/271 [arc of chain lightning (10)]
 28797 | Pan      | HP: 259/271 [burnt (2)]
 28806 | Pan      | HP: 243/271 [arc of chain lightning (10)]
 28811 | Pan      | HP: 245/271 [arc of chain lightning (10)]
 28813 | Pan      | Found an exit through the horrors of the Abyss.
 28822 | Pan      | Took an exit into the Abyss.
 28822 | Abyss:1  | Escaped into the Abyss
 28829 | Abyss:1  | HP: 267/271 [arc of chain lightning (4)]
 28842 | Abyss:1  | Found a corrupted altar of Lugonu.
 28902 | Abyss:2  | HP: 250/271 [arc of chain lightning (21)]
 29035 | Abyss:2  | HP: 258/271 [arc of chain lightning (13)]
 29041 | Abyss:2  | HP: 263/271 [arc of chain lightning (8)]
 29052 | Abyss:2  | HP: 265/271 [arc of chain lightning (6)]
 29075 | Abyss:2  | HP: 261/271 [arc of chain lightning (10)]
 29089 | Abyss:2  | HP: 260/271 [arc of chain lightning (11)]
 29103 | Abyss:2  | HP: 264/271 [arc of chain lightning (7)]
 29105 | Abyss:2  | Found a shimmering altar of Xom.
 29110 | Abyss:2  | HP: 252/271 [arc of chain lightning (19)]
 29130 | Abyss:2  | HP: 266/271 [efreet/bolt of fire (5)]
 29139 | Abyss:2  | HP: 257/271 [arc of chain lightning (14)]
 29142 | Abyss:2  | Found a corrupted altar of Lugonu.
 29142 | Abyss:2  | Found a corrupted altar of Lugonu.
 29142 | Abyss:2  | Found a corrupted altar of Lugonu.
 29150 | Abyss:2  | HP: 258/271 [arc of chain lightning (13)]
 29162 | Abyss:2  | HP: 264/271 [arc of chain lightning (7)]
 29168 | Abyss:2  | HP: 261/271 [arc of chain lightning (10)]
 29182 | Abyss:2  | HP: 261/271 [arc of chain lightning (10)]
 29202 | Abyss:2  | HP: 259/271 [arc of chain lightning (12)]
 29207 | Abyss:2  | HP: 264/271 [arc of chain lightning (7)]
 29220 | Abyss:2  | HP: 258/271 [arc of chain lightning (13)]
 29320 | Abyss:2  | HP: 261/271 [arc of chain lightning (10)]
 29329 | Abyss:2  | HP: 266/271 [arc of chain lightning (5)]
 29343 | Abyss:2  | HP: 245/271 [wretched star/lance of force (26)]
 29345 | Abyss:2  | Reached skill level 27 in Fighting
 29353 | Abyss:2  | HP: 265/273 [arc of chain lightning (8)]
 29359 | Abyss:2  | HP: 255/273 [arc of chain lightning (3)]
 29366 | Abyss:2  | HP: 269/273 [arc of chain lightning (4)]
 29372 | Abyss:2  | HP: 269/273 [arc of chain lightning (4)]
 29399 | Abyss:2  | HP: 259/273 [arc of chain lightning (14)]
 29406 | Abyss:2  | Reached skill level 10 in Staves
 29406 | Abyss:2  | HP: 260/273 [arc of chain lightning (13)]
 29415 | Abyss:2  | HP: 261/273 [arc of chain lightning (12)]
 29444 | Abyss:2  | HP: 262/273 [arc of chain lightning (11)]
 29458 | Abyss:2  | HP: 258/273 [arc of chain lightning (15)]
 29472 | Abyss:2  | HP: 261/273 [arc of chain lightning (12)]
 29478 | Abyss:2  | HP: 265/273 [arc of chain lightning (8)]
 29494 | Abyss:2  | Found a corrupted altar of Lugonu.
 29499 | Abyss:2  | Found a corrupted altar of Lugonu.
 29499 | Abyss:2  | Found a corrupted altar of Lugonu.
 29510 | Abyss:2  | HP: 266/273 [arc of chain lightning (7)]
 29524 | Abyss:2  | HP: 269/273 [arc of chain lightning (4)]
 29536 | Abyss:2  | HP: 267/273 [arc of chain lightning (6)]
 29544 | Abyss:2  | HP: 269/273 [arc of chain lightning (4)]
 29562 | Abyss:2  | HP: 267/273 [small abomination (6)]
 29621 | Abyss:2  | HP: 258/273 [arc of chain lightning (15)]
 29639 | Abyss:2  | HP: 260/273 [arc of chain lightning (13)]
 29645 | Abyss:2  | HP: 269/273 [arc of chain lightning (4)]
 29654 | Abyss:2  | HP: 257/273 [smoke demon/divine providence (16)]
 29666 | Abyss:3  | HP: 263/273 [arc of chain lightning (10)]
 29672 | Abyss:3  | Found a corrupted altar of Lugonu.
 29673 | Abyss:3  | HP: 260/273 [arc of chain lightning (13)]
 29683 | Abyss:3  | HP: 266/273 [arc of chain lightning (7)]
 29687 | Abyss:3  | Got an abyssal rune of Zot
 29691 | Abyss:3  | HP: 267/273 [arc of chain lightning (6)]
 29713 | Abyss:3  | HP: 242/273 [wretched star/lance of force (31)]
 29722 | Abyss:3  | HP: 235/273 [red draconian scorcher/damnation (38)]
 29727 | Abyss:3  | HP: 198/273 [wretched star/lance of force (17)]
 29731 | Depths:2 | Escaped the Abyss
 29781 | Hell     | Entered the Vestibule of Hell
 29781 | Hell     | Noticed Geryon
 29782 | Hell     | HP: 264/273 [arc of chain lightning (9)]
 29785 | Hell     | Killed Geryon
 29790 | Hell     | HP: 255/273 [arc of chain lightning (7)]
 29849 | Hell     | HP: 260/273 [phantasmal warrior (12)]
 29854 | Hell     | HP: 231/273 [arc of chain lightning (4)]
 29862 | Hell     | HP: 215/273 [arc of chain lightning (2)]
 29867 | Hell     | HP: 243/273 [arc of chain lightning (14)]
 29873 | Hell     | HP: 264/273 [smoke demon/divine providence (9)]
 29882 | Hell     | HP: 254/273 [arc of chain lightning (19)]
 29897 | Hell     | Found a gateway to the ashen valley of Gehenna.
 29904 | Geh:1    | Entered Level 1 of Gehenna
 29908 | Geh:1    | HP: 265/273 [arc of chain lightning (8)]
 29917 | Geh:1    | HP: 268/273 [hell hog/fireball (5)]
 29924 | Geh:1    | HP: 263/273 [hellephant/blast of flame (6)]
 29942 | Geh:1    | HP: 270/273 [hell hog/fireball (3)]
 29960 | Geh:2    | HP: 263/273 [arc of chain lightning (10)]
 29965 | Geh:2    | HP: 266/273 [arc of chain lightning (7)]
 29981 | Geh:2    | HP: 266/273 [arc of chain lightning (7)]
 30002 | Geh:2    | HP: 270/273 [arc of chain lightning (3)]
 30028 | Geh:3    | HP: 231/235 [arc of chain lightning (4)]
 30033 | Geh:3    | HP: 234/237 [balrug/bolt of fire (3)]
 30042 | Geh:4    | HP: 235/241 [hell hog/fireball (6)]
 30047 | Geh:4    | HP: 243/247 [arc of chain lightning (4)]
 30053 | Geh:4    | HP: 245/254 [arc of chain lightning (9)]
 30057 | Geh:4    | Reached skill level 27 in Fire Magic
 30058 | Geh:4    | HP: 247/262 [hell hog/fireball (4)]
 30078 | Geh:4    | HP: 263/267 [arc of chain lightning (4)]
 30120 | Geh:5    | HP: 224/233 [arc of chain lightning (9)]
 30125 | Geh:5    | HP: 235/240 [arc of chain lightning (5)]
 30135 | Geh:5    | HP: 231/253 [balrug/bolt of fire (8)]
 30146 | Geh:5    | HP: 239/254 [arc of chain lightning (15)]
 30151 | Geh:5    | HP: 253/257 [hell hog/fireball (4)]
 30159 | Geh:6    | HP: 252/257 [arc of chain lightning (5)]
 30165 | Geh:6    | HP: 232/257 [balrug/divine providence (8)]
 30166 | Geh:7    | Entered Level 7 of Gehenna
 30189 | Geh:7    | HP: 255/260 [arc of chain lightning (5)]
 30194 | Geh:7    | HP: 251/261 [arc of chain lightning (10)]
 30201 | Geh:7    | HP: 255/268 [arc of chain lightning (13)]
 30207 | Geh:7    | HP: 263/270 [arc of chain lightning (7)]
 30212 | Geh:7    | HP: 224/273 [fire giant/bolt of fire (4)]
 30220 | Geh:7    | HP: 258/273 [arc of chain lightning (14)]
 30225 | Geh:7    | HP: 228/273 [arc of chain lightning (9)]
 30227 | Geh:7    | Reached skill level 15 in Staves
 30230 | Geh:7    | HP: 247/273 [arc of chain lightning (1)]
 30292 | Geh:7    | HP: 264/273 [arc of chain lightning (9)]
 30304 | Geh:7    | HP: 266/273 [arc of chain lightning (7)]
 30312 | Geh:7    | HP: 251/273 [hellion/damnation (22)]
 30324 | Geh:7    | HP: 251/273 [hellion/damnation (22)]
 30364 | Geh:7    | Found the +13 sceptre of Asmodeus
 30364 | Geh:7    | Identified the amulet "Uxuq" {Reflect +Inv rC+ Int+2 Slay-5
                  | SH+5}
 30364 | Geh:7    | Noticed Asmodeus
 30366 | Geh:7    | HP: 255/273 [Asmodeus/damnation (18)]
 30371 | Geh:7    | HP: 141/273 [arc of chain lightning (4)]
 30373 | Geh:7    | Killed Asmodeus
 30382 | Geh:7    | Got an obsidian rune of Zot
 30383 | Geh:7    | Identified the staff of earth "Umotofef" {rF+ rN+ rCorr
                  | Str+5}
 30385 | Geh:7    | Identified the staff of poison "Ypyvvyco" {rPois Will+}
 30396 | Geh:7    | HP: 268/273 [arc of chain lightning (5)]
 30459 | Hell     | Found a gateway to the Iron City of Dis.
 30468 | Dis:1    | Entered Level 1 of the Iron City of Dis
 30479 | Dis:1    | HP: 259/273 [war gargoyle/spray of metal splinters (14)]
 30484 | Dis:1    | HP: 257/273 [arc of chain lightning (15)]
 30492 | Dis:1    | HP: 238/273 [iron golem (35)]
 30498 | Dis:1    | HP: 234/273 [arc of chain lightning (1)]
 30566 | Dis:3    | HP: 212/219 [arc of chain lightning (7)]
 30587 | Dis:3    | HP: 209/219 [arc of chain lightning (10)]
 30590 | Dis:3    | HP: 84/219 [iron dragon/spray of metal splinters (69)]
 30602 | Dis:3    | HP: 128/227 [iron dragon/spray of metal splinters (28)]
 30616 | Dis:4    | HP: 191/197 [quicksilver elemental (6)]
 30623 | Dis:4    | Noticed a caustic shrike
 30625 | Dis:4    | Noticed a caustic shrike
 30625 | Dis:4    | Noticed a caustic shrike
 30625 | Dis:4    | HP: 182/207 [caustic shrike (20)]
 30626 | Dis:4    | Killed a caustic shrike
 30626 | Dis:4    | Noticed a caustic shrike
 30626 | Dis:4    | Noticed a caustic shrike
 30627 | Dis:4    | Killed a caustic shrike
 30628 | Dis:4    | Killed a caustic shrike
 30628 | Dis:4    | Killed a caustic shrike
 30628 | Dis:4    | Killed a caustic shrike
 30630 | Dis:4    | HP: 136/259 [arc of chain lightning (13)]
 30642 | Dis:4    | HP: 163/265 [quicksilver elemental/bolt of dispelling
                  | energy (16)]
 30660 | Dis:4    | You are sucked into a shaft and drop 2 floors!
 30660 | Dis:6    | Noticed a juggernaut
 30660 | Dis:6    | Noticed a juggernaut
 30662 | Dis:6    | HP: 267/272 [juggernaut (1)]
 30663 | Dis:6    | Killed a juggernaut
 30663 | Dis:6    | Killed a juggernaut
 30671 | Dis:6    | HP: 233/273 [quicksilver elemental/bolt of dispelling
                  | energy (40)]
 30696 | Dis:7    | Entered Level 7 of the Iron City of Dis
 30701 | Dis:7    | HP: 263/273 [arc of chain lightning (10)]
 30717 | Dis:7    | HP: 265/273 [iron dragon (8)]
 30723 | Dis:7    | HP: 234/273 [quicksilver elemental/bolt of dispelling
                  | energy (39)]
 30743 | Dis:7    | HP: 237/273 [Hell Sentinel/damnation (36)]
 30748 | Dis:7    | HP: 208/273 [arc of chain lightning (15)]
 30755 | Dis:7    | Noticed a caustic shrike
 30757 | Dis:7    | Killed a caustic shrike
 30757 | Dis:7    | HP: 245/273 [arc of chain lightning (10)]
 30762 | Dis:7    | HP: 257/273 [iron giant/war gargoyle (16)]
 30772 | Dis:7    | Noticed a caustic shrike
 30774 | Dis:7    | Killed a caustic shrike
 30774 | Dis:7    | HP: 269/273 [arc of chain lightning (4)]
 30788 | Dis:7    | HP: 263/273 [arc of chain lightning (10)]
 30796 | Dis:7    | Noticed Dispater
 30807 | Dis:7    | HP: 244/273 [Dispater/iron shot (29)]
 30812 | Dis:7    | HP: 195/273 [Hell Sentinel/damnation[Dispater] (38)]
 30814 | Dis:7    | Killed Dispater
 30817 | Dis:7    | HP: 196/273 [arc of chain lightning (8)]
 30822 | Dis:7    | HP: 191/273 [war gargoyle/spray of metal splinters (16)]
 30827 | Dis:7    | HP: 136/273 [arc of chain lightning (7)]
 30829 | Dis:7    | Noticed a caustic shrike
 30834 | Dis:7    | Killed a caustic shrike
 30834 | Dis:7    | HP: 134/273 [arc of chain lightning (7)]
 30837 | Dis:7    | Noticed a caustic shrike
 30839 | Dis:7    | Killed a caustic shrike
 30839 | Dis:7    | HP: 75/273 [arc of chain lightning (13)]
 30846 | Dis:7    | HP: 85/273 [disintegration (10)]
 30861 | Dis:7    | HP: 119/273 [quicksilver elemental/bolt of dispelling
                  | energy (32)]
 30867 | Dis:7    | HP: 60/273 [quicksilver elemental/bolt of dispelling energy
                  | (18)]
 30867 | Dis:7    | HP: 26/273 [quicksilver elemental/bolt of dispelling energy
                  | (34)]
 30877 | Dis:7    | HP: 130/273 [disintegration (22)]
 30915 | Dis:7    | Noticed a caustic shrike
 30915 | Dis:7    | Noticed a caustic shrike
 30917 | Dis:7    | HP: 221/273 [caustic shrike (28)]
 30918 | Dis:7    | Killed a caustic shrike
 30919 | Dis:7    | Killed a caustic shrike
 30944 | Dis:7    | Got an iron rune of Zot
 31014 | Hell     | Found a gateway to the freezing wastes of Cocytus.
 31015 | Hell     | HP: 268/273 [anaconda zombie (5)]
 31045 | Coc:1    | Entered Level 1 of Cocytus
 31055 | Coc:1    | HP: 260/273 [rock wall collision (13)]
 31061 | Coc:2    | HP: 266/273 [arc of chain lightning (7)]
 31076 | Coc:2    | HP: 263/273 [arc of chain lightning (10)]
 31086 | Coc:2    | HP: 253/273 [something (20)]
 31090 | Coc:2    | Noticed a dread lich
 31091 | Coc:2    | HP: 261/273 [something (10)]
 31097 | Coc:2    | HP: 269/273 [arc of chain lightning (4)]
 31098 | Coc:2    | Killed a dread lich
 31102 | Coc:2    | HP: 255/273 [arc of chain lightning (8)]
 31107 | Coc:2    | HP: 244/273 [arc of chain lightning (7)]
 31121 | Coc:2    | HP: 269/273 [arc of chain lightning (4)]
 31129 | Coc:2    | HP: 269/273 [juggernaut simulacrum (4)]
 31143 | Coc:2    | HP: 267/273 [arc of chain lightning (6)]
 31148 | Coc:2    | Noticed a shard shrike
 31149 | Coc:2    | HP: 245/273 [arc of chain lightning (7)]
 31149 | Coc:2    | Killed a shard shrike
 31169 | Coc:2    | HP: 266/273 [freezing wraith (6)]
 31192 | Coc:2    | HP: 266/273 [arc of chain lightning (7)]
 31209 | Coc:2    | Paralysed by a wendigo for 1 turns
 31209 | Coc:2    | HP: 269/273 [wendigo/stunning burst (4)]
 31219 | Coc:2    | You are sucked into a shaft and drop 1 floor!
 31224 | Coc:3    | HP: 255/273 [elemental wellspring/torrent of water (18)]
 31228 | Coc:3    | Noticed a shard shrike
 31229 | Coc:3    | HP: 254/273 [wendigo/seracfall (19)]
 31231 | Coc:3    | Killed a shard shrike
 31231 | Coc:3    | Noticed a shard shrike
 31236 | Coc:3    | HP: 252/273 [arc of chain lightning (3)]
 31237 | Coc:3    | Killed a shard shrike
 31272 | Coc:4    | HP: 265/273 [arc of chain lightning (8)]
 31278 | Coc:4    | HP: 264/273 [arc of chain lightning (1)]
 31286 | Coc:4    | HP: 251/273 [wendigo/seracfall (22)]
 31291 | Coc:4    | HP: 258/273 [arc of chain lightning (6)]
 31301 | Coc:4    | HP: 270/273 [arc of chain lightning (3)]
 31311 | Coc:4    | HP: 269/273 [arc of chain lightning (4)]
 31349 | Coc:5    | HP: 269/273 [arc of chain lightning (4)]
 31351 | Coc:5    | Noticed a shard shrike
 31351 | Coc:5    | Noticed a shard shrike
 31354 | Coc:5    | HP: 262/273 [arc of chain lightning (4)]
 31355 | Coc:5    | Killed a shard shrike
 31355 | Coc:5    | Killed a shard shrike
 31361 | Coc:5    | Noticed a shard shrike
 31362 | Coc:5    | HP: 235/273 [titan/bolt of lightning (10)]
 31363 | Coc:5    | Killed a shard shrike
 31370 | Coc:5    | HP: 269/273 [arc of chain lightning (4)]
 31387 | Coc:6    | Noticed a dread lich
 31390 | Coc:6    | Noticed a shard shrike
 31393 | Coc:6    | Killed a dread lich
 31393 | Coc:6    | Killed a shard shrike
 31397 | Coc:7    | Entered Level 7 of Cocytus
 31398 | Coc:7    | HP: 236/273 [titan/the air (37)]
 31401 | Coc:7    | Reached skill level 15 in Summonings
 31408 | Coc:7    | Noticed a shard shrike
 31409 | Coc:7    | HP: 267/273 [shard shrike (6)]
 31410 | Coc:7    | Killed a shard shrike
 31415 | Coc:7    | HP: 234/273 [arc of chain lightning (7)]
 31464 | Coc:7    | HP: 266/273 [arc of chain lightning (7)]
 31472 | Coc:7    | HP: 263/273 [arc of chain lightning (10)]
 31474 | Coc:7    | Noticed a shard shrike
 31476 | Coc:7    | Killed a shard shrike
 31492 | Coc:7    | Noticed a shard shrike
 31492 | Coc:7    | Noticed a shard shrike
 31494 | Coc:7    | Killed a shard shrike
 31494 | Coc:7    | Killed a shard shrike
 31494 | Coc:7    | HP: 262/273 [arc of chain lightning (11)]
 31495 | Coc:7    | Noticed a shard shrike
 31496 | Coc:7    | Noticed a shard shrike
 31498 | Coc:7    | Killed a shard shrike
 31498 | Coc:7    | Killed a shard shrike
 31500 | Coc:7    | Noticed a shard shrike
 31501 | Coc:7    | Killed a shard shrike
 31507 | Coc:7    | HP: 254/273 [elemental wellspring/torrent of water (19)]
 31513 | Coc:7    | HP: 260/273 [arc of chain lightning (9)]
 31515 | Coc:7    | Noticed a shard shrike
 31515 | Coc:7    | Noticed a shard shrike
 31516 | Coc:7    | Killed a shard shrike
 31517 | Coc:7    | Killed a shard shrike
 31533 | Coc:7    | HP: 263/273 [arc of chain lightning (10)]
 31578 | Coc:7    | HP: 270/273 [wendigo/stunning burst (3)]
 31583 | Coc:7    | HP: 266/273 [arc of chain lightning (7)]
 31583 | Coc:7    | Noticed a shard shrike
 31583 | Coc:7    | Noticed a shard shrike
 31585 | Coc:7    | Killed a shard shrike
 31585 | Coc:7    | Killed a shard shrike
 31591 | Coc:7    | HP: 262/273 [arc of chain lightning (4)]
 31594 | Coc:7    | Noticed a shard shrike
 31596 | Coc:7    | HP: 265/273 [arc of chain lightning (7)]
 31598 | Coc:7    | Killed a shard shrike
 31605 | Coc:7    | HP: 246/273 [hellion/damnation (23)]
 31617 | Coc:7    | HP: 269/273 [arc of chain lightning (4)]
 31624 | Coc:7    | HP: 262/273 [titan/bolt of lightning (11)]
 31627 | Coc:7    | Noticed Antaeus
 31629 | Coc:7    | HP: 248/273 [arc of chain lightning (16)]
 31634 | Coc:7    | HP: 136/273 [arc of chain lightning (11)]
 31639 | Coc:7    | HP: 77/273 [Antaeus/icy flash freeze (22)]
 31652 | Coc:7    | HP: 79/273 [Antaeus/icy flash freeze (31)]
 31704 | Coc:7    | HP: 230/273 [Antaeus/icy flash freeze (43)]
 31708 | Coc:7    | HP: 80/273 [Antaeus/+4 halberd of protection (49)]
 31708 | Coc:7    | HP: 17/273 [Antaeus/+4 halberd of protection (24)]
 31739 | Coc:7    | HP: 146/273 [arc of chain lightning (12)]
 31744 | Coc:7    | Killed Antaeus
 31757 | Coc:7    | Identified the staff of cold "Zehetig" {rF+ rC+ Stlth+}
 31764 | Coc:7    | Got an icy rune of Zot
 31825 | Hell     | Learned a level 8 spell: Summon Horrible Things
 31836 | Hell     | Learned a level 9 spell: Death's Door
 31863 | Hell     | Found a gateway to the decaying netherworld of Tartarus.
 31871 | Tar:1    | Entered Level 1 of Tartarus
 31877 | Tar:1    | HP: 256/273 [arc of chain lightning (17)]
 31912 | Tar:2    | HP: 266/273 [arc of chain lightning (7)]
 31917 | Tar:2    | HP: 234/273 [arc of chain lightning (6)]
 31924 | Tar:2    | HP: 235/273 [arc of chain lightning (10)]
 31943 | Tar:2    | HP: 261/273 [arc of chain lightning (12)]
 31950 | Tar:2    | HP: 269/273 [Tzitzimitl (4)]
 31956 | Tar:2    | HP: 248/273 [arc of chain lightning (10)]
 31976 | Tar:3    | HP: 226/236 [arc of chain lightning (10)]
 31984 | Tar:4    | HP: 236/245 [arc of chain lightning (9)]
 31985 | Tar:4    | Reached skill level 1 in Ice Magic
 31993 | Tar:4    | HP: 239/249 [arc of chain lightning (10)]
 32001 | Tar:5    | HP: 246/260 [spectral harpy (5)]
 32018 | Tar:5    | HP: 259/262 [constriction (1)]
 32025 | Tar:5    | HP: 257/263 [bone dragon (6)]
 32034 | Tar:5    | HP: 246/263 [bone dragon (17)]
 32037 | Tar:5    | Reached skill level 5 in Ice Magic
 32081 | Tar:5    | HP: 253/268 [arc of chain lightning (15)]
 32086 | Tar:5    | HP: 234/273 [arc of chain lightning (13)]
 32095 | Tar:5    | HP: 242/273 [Tzitzimitl[a doom hound] (9)]
 32100 | Tar:6    | HP: 223/258 [Tzitzimitl[a doom hound] (14)]
 32109 | Tar:6    | HP: 210/269 [arc of chain lightning (13)]
 32118 | Tar:6    | HP: 267/273 [arc of chain lightning (6)]
 32127 | Tar:6    | HP: 262/273 [arc of chain lightning (11)]
 32128 | Tar:6    | Reached skill level 10 in Ice Magic
 32141 | Tar:6    | HP: 263/273 [spectral spriggan defender (9)]
 32143 | Tar:6    | Noticed an ancient lich
 32155 | Tar:6    | HP: 260/273 [ancient lich/bolt of acid (13)]
 32158 | Tar:6    | Killed an ancient lich
 32187 | Tar:7    | Entered Level 7 of Tartarus
 32191 | Tar:7    | Noticed an ancient lich
 32193 | Tar:7    | Killed an ancient lich
 32205 | Tar:7    | HP: 249/256 [arc of chain lightning (4)]
 32210 | Tar:7    | HP: 251/262 [arc of chain lightning (4)]
 32239 | Tar:7    | Noticed an ancient lich
 32242 | Tar:7    | Killed an ancient lich
 32242 | Tar:7    | HP: 260/264 [arc of chain lightning (4)]
 32251 | Tar:7    | HP: 258/270 [arc of chain lightning (12)]
 32261 | Tar:7    | Got a bone rune of Zot
 32263 | Tar:7    | HP: 268/273 [arc of chain lightning (5)]
 32268 | Tar:7    | HP: 250/273 [arc of chain lightning (8)]
 32273 | Tar:7    | HP: 239/273 [arc of chain lightning (17)]
 32291 | Tar:7    | HP: 196/273 [arc of chain lightning (15)]
 32296 | Tar:7    | HP: 161/273 [arc of chain lightning (4)]
 32414 | Depths:3 | Found a one-way gate to the infinite horrors of the Abyss.
 32434 | Depths:4 | Entered Level 4 of the Depths
 32454 | Depths:4 | HP: 266/273 [arc of chain lightning (7)]
 32480 | Depths:4 | Noticed a juggernaut
 32483 | Depths:4 | HP: 262/273 [arc of chain lightning (11)]
 32484 | Depths:4 | Killed a juggernaut
 32489 | Depths:4 | HP: 215/273 [arc of chain lightning (4)]
 32499 | Depths:4 | HP: 260/273 [arc of chain lightning (13)]
 32504 | Depths:4 | HP: 243/273 [arc of chain lightning (13)]
 32507 | Depths:4 | Found a gate to the Realm of Zot.
 32510 | Depths:4 | HP: 246/273 [spark wasp (8)]
 32511 | Zot:1    | Entered Level 1 of the Realm of Zot
 32515 | Depths:4 | HP: 263/273 [black draconian/bolt of lightning (5)]
 32538 | Zot:1    | HP: 269/273 [arc of chain lightning (4)]
 32543 | Zot:1    | HP: 245/273 [arc of chain lightning (19)]
 32583 | Zot:2    | HP: 266/273 [yellow draconian annihilator/poison arrow[a
                  | white draconian stormcaller] (7)]
 32588 | Zot:2    | HP: 264/273 [arc of chain lightning (9)]
 32635 | Zot:4    | HP: 266/273 [arc of chain lightning (7)]
 32649 | Zot:5    | Entered Level 5 of the Realm of Zot
 32651 | Zot:5    | HP: 261/273 [arc of chain lightning (12)]
 32655 | Zot:5    | Reached skill level 10 in Dodging
 32658 | Zot:5    | HP: 267/273 [arc of chain lightning (6)]
 32670 | Zot:5    | Noticed a curse toe
 32673 | Zot:5    | HP: 270/273 [arc of chain lightning (3)]
 32677 | Zot:5    | Killed a curse toe
 32681 | Zot:5    | HP: 263/273 [arc of chain lightning (10)]
 32686 | Zot:5    | HP: 240/273 [arc of chain lightning (9)]
 32689 | Zot:5    | Reached skill level 10 in Armour
 32691 | Zot:5    | HP: 267/273 [arc of chain lightning (6)]
 32698 | Zot:5    | HP: 265/273 [arc of chain lightning (8)]
 32704 | Zot:5    | HP: 261/273 [arc of chain lightning (7)]
 32712 | Zot:5    | Noticed an orb of fire
 32713 | Zot:5    | HP: 269/273 [arc of chain lightning (4)]
 32717 | Zot:5    | Killed an orb of fire
 32719 | Zot:5    | Noticed a Killer Klown
 32722 | Zot:5    | Noticed a Killer Klown
 32722 | Zot:5    | Noticed a Killer Klown
 32724 | Zot:5    | Noticed a Killer Klown
 32724 | Zot:5    | Killed a Killer Klown
 32724 | Zot:5    | Killed a Killer Klown
 32725 | Zot:5    | Killed a Killer Klown
 32727 | Zot:5    | Noticed a Killer Klown
 32728 | Zot:5    | HP: 266/273 [Killer Klown/klown pie (7)]
 32730 | Zot:5    | Noticed an ancient lich
 32730 | Zot:5    | Killed a Killer Klown
 32731 | Zot:5    | Killed an ancient lich
 32734 | Zot:5    | HP: 237/273 [Killer Klown/klown pie (36)]
 32740 | Zot:5    | Killed a Killer Klown
 32740 | Zot:5    | HP: 260/273 [arc of chain lightning (6)]
 32772 | Zot:5    | HP: 269/273 [arc of chain lightning (4)]
 32777 | Zot:5    | HP: 266/273 [arc of chain lightning (7)]
 32783 | Zot:5    | Noticed a Killer Klown
 32785 | Zot:5    | HP: 269/273 [arc of chain lightning (4)]
 32786 | Zot:5    | Killed a Killer Klown
 32790 | Zot:5    | Noticed a dread lich
 32791 | Zot:5    | Noticed a Killer Klown
 32792 | Zot:5    | Got the Orb of Zot
 32792 | Zot:5    | Noticed an orb of fire
 32793 | Zot:5    | HP: 251/273 [arc of chain lightning (10)]
 32794 | Zot:5    | Killed a dread lich
 32794 | Zot:5    | Killed a Killer Klown
 32797 | Zot:5    | Killed an orb of fire
 32805 | Zot:5    | Noticed a Killer Klown
 32806 | Zot:5    | HP: 260/273 [arc of chain lightning (13)]
 32807 | Zot:5    | Killed a Killer Klown
 32814 | Zot:5    | HP: 264/273 [arc of chain lightning (9)]
 32814 | Zot:5    | Noticed a Killer Klown
 32817 | Zot:5    | Killed a Killer Klown
 32820 | Zot:5    | HP: 267/273 [arc of chain lightning (6)]
 32863 | Zot:4    | HP: 257/273 [arc of chain lightning (16)]
 32870 | Zot:4    | HP: 234/273 [golden dragon/bolt of fire (8)]
 32904 | Zot:2    | HP: 269/273 [black draconian/bolt of lightning (4)]
 32906 | Zot:2    | Noticed an orb of fire
 32907 | Zot:2    | Gained mutation: You are dopey. (Int -2) [an orb of fire]
 32909 | Zot:2    | HP: 251/273 [orb of fire/bolt of fire (22)]
 32911 | Zot:2    | Killed an orb of fire
 32914 | Zot:2    | HP: 232/273 [arc of chain lightning (7)]
 32915 | Zot:2    | Noticed an orb of fire
 32915 | Zot:2    | Noticed a curse toe
 32916 | Zot:2    | Gained mutation: Your body sometimes deteriorates upon
                  | taking damage. [an orb of fire]
 32921 | Zot:1    | HP: 252/273 [arc of chain lightning (13)]
 32929 | Zot:1    | HP: 264/273 [arc of chain lightning (9)]
 32930 | Zot:1    | Noticed Nobun the pandemonium lord
 32932 | Zot:1    | Killed Nobun the pandemonium lord
 32937 | Zot:1    | HP: 247/268 [shadow dragon/bolt of negative energy (12)]
 32942 | Zot:1    | HP: 250/273 [black draconian/bolt of lightning[a green
                  | draconian monk] (9)]
 32966 | Zot:1    | HP: 268/273 [arc of chain lightning (5)]
 32976 | Zot:1    | HP: 267/273 [arc of chain lightning (6)]
 33026 | Depths:4 | HP: 260/273 [arc of chain lightning (13)]
 33031 | Depths:4 | HP: 240/273 [arc of chain lightning (16)]
 33036 | Depths:4 | HP: 219/273 [arc of chain lightning (6)]
 33096 | Depths:3 | Noticed Ymewoos the pandemonium lord
 33119 | Depths:1 | HP: 263/273 [arc of chain lightning (10)]
 33182 | D:15     | HP: 260/273 [arc of chain lightning (13)]
 33200 | D:14     | Noticed Lyowkuwn the pandemonium lord
 33202 | D:14     | HP: 263/273 [arc of chain lightning (10)]
 33204 | D:14     | Killed Lyowkuwn the pandemonium lord
 33246 | D:12     | HP: 260/273 [arc of chain lightning (13)]
 33293 | D:10     | HP: 266/273 [arc of chain lightning (7)]
 33314 | D:8      | HP: 263/273 [arc of chain lightning (10)]
 33450 | D:$      | Escaped with the Orb!

Illustrated notes

Levels and vault maps discovered:
D:1:      minmay_arrival_radiant_lines, layout_basic, minmay_tall_x
D:2:      layout_loops_cross, ebering_ecumenical_altar_rust,
          minmay_shallow_snake_nest, uniq_sigmund
D:3:      layout_basic, mainiacjoe_overflow_brackets, serial_shops,
          nicolae_shop_industrial_runoff, minmay_misc_feat_iff
D:4:      layout_basic, lemuel_coloured_pillars_altar,
          minmay_temple_entry_junction_2, nicolae_wormholes
D:5:      layout_layer_cave, grunt_temple_overflow_holy_war, elyvilon_altar_3,
          serial_shops, shop
D:6:      layout_basic, mainiacjoe_overflow_catwalk, uniq_maggie,
          uniq_blork_the_orc
D:7:      layout_cave_pools, nicolae_overflow_hidden_temple, serial_shops,
          nicolae_shop_statue_plus, nicolae_kite_square_tiling_tiny,
          uniq_crazy_yiuf_cottage, uniq_prince_ribbit1
D:8:      layout_rooms, riverfiend_overflow_shadow_ancestor,
          nicolae_wu_jian_wuxing_cycle, mainiacjoe_overflow_boulevard,
          enter_bailey_2, uniq_pikel, uniq_maurice
D:9:      layout_rooms, zombieorc1_lemuel, serial_shops, shop,
          ebering_ghost_inner_flame, st_stairs_10, grunt_potential
D:10:     layout_layer_cave, mainiacjoe_overflow_concentric_impassable,
          serial_shops, nicolae_shop_waterfront, laboratory, uniq_snorg
D:11:     layout_stronghold, david_lair_shrubbed, ebering_dispersal_statue_hall,
          minmay_beelzebubs_servants, uniq_erica
D:12:     layout_big_octagon, serial_shops, nicolae_shop_just_a_little_nook,
          minivault_21, drop_trap, uniq_josephine
D:13:     layout_long_grid, uniq_rupert, uniq_kirke
D:14:     layout_rooms, erik_vaults_2, nzn_hepliaklqana_mist_gate, minivault_16,
          minivault_12
D:15:     grunt_enter_depths_snipers, layout_layer_cave, zin_angel,
          nicolae_diode_stairs
Lair:1:   layout_cave_pods, portal_ice_cave_rime, lemuel_fruit_tree
Lair:2:   layout_small_grid, nicolae_snake_entry_squirm, grunt_megastairs_3,
          serial_bayou_shore_b, serial_bayou_shore_a, serial_bayou_shore_b
Lair:3:   layout_regular_city, minmay_swamp_entry_worms
Lair:4:   layout_gridlike, minmay_slime_entry_oklob_enclosed,
          lemuel_fruit_fields, lemuel_fruit_fields, grunt_megastairs_4
Lair:5:   grunt_lair_end_beastmaster, layout_hall_layers,
          gammafunk_lair_bear_cave
Swamp:1:  layout_falls_marsh, gammafunk_ghost_hydra_chop,
          evilmike_swamp_ruin_house_1, swamp_pool1, uniq_mlioglotl
Swamp:2:  layout_falls_marsh, nicolae_swamp_godswood
Swamp:3:  layout_basic_swamp, nicolae_swamp_dense_foliage, st_swamp_mini
Swamp:4:  grunt_swamp_rune_castle, layout_basic_swamp, swamp_pool1,
          infiniplex_staircase_pool
Snake:1:  layout_rooms, serial_bayou_shore_b
Snake:2:  layout_cave_pods, grunt_ministairs_11, uniq_aizul, uniq_vashnia
Snake:3:  layout_chambers, serial_shops, nicolae_shop_back_alley_shop
Snake:4:  grunt_snake_rune_pools, layout_cave_town, serial_shops,
          nicolae_shop_real_fake_doors, nicolae_shop_gadgets, uniq_donald,
          uniq_louise
Slime:1:  layout_caves, nicolae_slime_getting_an_eyeful
Slime:2:  layout_caves, nicolae_slime_barrier
Slime:3:  layout_caves
Slime:4:  layout_caves
Slime:5
Orc:1:    layout_diamond_mine
Orc:2:    grunt_orc_community_town_hall, layout_caves,
          grunt_orc_community_big_house_2, grunt_orc_community_big_house_2,
          grunt_orc_community_house_1, grunt_orc_community_house_2,
          grunt_orc_community_house_3, grunt_orc_community_house_3,
          grunt_orc_community_house_2, uniq_erolcha, uniq_sonja
Elf:1:    eino_elf_arrival_customs, layout_gridlike, serial_shops, shop,
          minmay_elf_sorcery, minivault_16, uniq_roxanne
Elf:2:    nicolae_elf_blades_splatter_lattice
          [nicolae_blade_entry_diamond_columns], layout_geoelf_diagonals,
          st_stairs_2, uniq_agnes
Elf:3:    grunt_elf_hall_branching, layout_gridlike, einodemon_barbed_minivault
Vaults:1: v_rooms_1, st_greater_box_2, dpeg_vaults_monster_row,
          nicolae_vaults_wine_cellar, nicolae_vaults_sightless_eye,
          nicolae_vaults_house_1, vaults_mumra_chevron_long,
          nicolae_vaults_rhombus_7, vaults_room_fours,
          nicolae_vaults_weapon_check, nicolae_vaults_double_plus_2,
          layout_vaults_omnibox, serial_shops, shop
Vaults:2: vaults_room_grunt_arrival_ludios, hangedman_vaults_variations,
          v_pattern_4, nicolae_vaults_circle_grid_b,
          nicolae_vaults_offset_grid_hallway_4,
          nicolae_vaults_trapezoid_lopsided_2,
          nicolae_vaults_security_offices_4, nicolae_vaults_tangram_2,
          nicolae_vaults_tetromino_L_1, nicolae_vaults_tetromino_L_1,
          ontoclasm_vaults_pinch, layout_vaults_omnicross
Vaults:3: portal_desolation_entry_nicolae_slug, vaults_room_grid,
          nicolae_vaults_network_s, minmay_crypt_entry_necro_gods,
          vaults_dpeg_emergency_exit, v_misc_8, v_misc_29, grunt_vaults_focal,
          v_alt_pattern_3, v_alt_pattern_6, ontoclasm_vaults_decontamination,
          layout_vaults_quadrants
Vaults:4: gammafunk_ghost_smash, nicolae_vaults_network_quinsquares
          [nicolae_vaults_network_quincunx_subvault,
          nicolae_vaults_network_quincunx_subvault,
          nicolae_vaults_network_quincunx_subvault,
          nicolae_vaults_network_quincunx_subvault], vaults_mumra_minichess,
          nicolae_vaults_shock_wave, nicolae_vaults_more_shelving_1,
          nicolae_vaults_storage_closets_3, nicolae_vaults_little_squares_2,
          vaults_mumra_hex, vaults_room_corners, vaults_dpeg_diagonal,
          layout_vaults_chaotic_city, serial_shops, nicolae_square_shop,
          uniq_jory
Vaults:5: uniq_mennas, uniq_margery
Crypt:1:  layout_misc_corridors, minivault_4, st_stairs_9,
          small_statue_intersection, eino_tiny_chamber
Crypt:2:  layout_gridlike
Crypt:3:  church_of_pain_bobbens, layout_chaotic_city, grunt_ministairs_10,
          nicolae_nh_vlads_tower
Tomb:1
Tomb:2
Tomb:3
Depths:1: layout_basic, lemuel_crystal_altar, hangedman_geh_valley,
          abyss_entry_glasseish, yredelemnul_altar_generic, uniq_asterion
Depths:2: hellmonk_destroyed_diamonds, layout_basic, grunt_hell_entry_dis_mu,
          pan_entry, infiniplex_staircase_zigzag_3, uniq_josephina
Depths:3: kennysheep_demon_jail, layout_long_grid, enter_ziggurat_e,
          hangedman_abyss_entry_splay, minmay_misc_feat_four_crosses,
          hell_entry, minmay_shop_grove, minmay_staircase_windowed_small,
          serial_bayou_shore_b
Depths:4: grunt_zot_entry_hairpin, layout_gridlike, serial_shops,
          shop_fountains, hell_entry, rand_demon_pan_entry_4,
          chequers_serial_rivers_large_b, nicolae_shop_overcharged_wands,
          minmay_shoptagon, uniq_parghit
Hell
Dis:1:    layout_jigsaw
Dis:2:    hangedman_dis_decor_blocks_talon, layout_subdivisions
Dis:3:    layout_subdivisions, lemuel_dis_dragons
Dis:4:    hangedman_dis_decor_blocks_crown, layout_overlapping_boxes
Dis:6:    layout_gridville, nicolae_dis_step_into_the_octagon
Dis:7:    iron_city_of_dis [dis_grunt, dis_wall_6], layout_gridville,
          minmay_strange_pillars
Geh:1:    layout_gehenna_lava_caves
Geh:2:    layout_gehenna_pools_box
Geh:3:    layout_gehenna_pools_box
Geh:4:    layout_gehenna_pools_triple
Geh:5:    layout_gehenna_pools_triple
Geh:6:    layout_gehenna_pools_box
Geh:7:    geh_grunt_pentagon
Coc:1:    layout_cocytus_water_paths
Coc:2:    nicolae_coc_city_of_iceburg
Coc:3:    layout_cocytus_delve
Coc:4:    layout_ice_bergs
Coc:5:    layout_ice_bergs
Coc:6:    layout_cocytus_water_paths
Coc:7:    coc_grunt
Tar:1:    layout_honeycomb, nicolae_tar_cuneiform_two
Tar:2:    nicolae_tar_funeral_procession, layout_cathedral_of_symmetry
Tar:3:    layout_catacombs, nicolae_tar_cuneiform_bread
Tar:4:    layout_grid_maze, nicolae_tar_cuneiform_not
Tar:5:    hangedman_tartarus_silent_blood_keep, layout_cathedral_of_symmetry
Tar:6:    layout_grid_maze, nicolae_tar_just_some_guys
Tar:7:    tar_old
Zot:1:    gammafunk_mikee_crab_dinner, layout_onion_interference
Zot:2:    layout_misc_corridors
Zot:3:    gammafunk_sealed_arena, layout_gridlike
Zot:4:    layout_gridlike, grunt_megastairs_1
Zot:5:    layout_basic

Skill      XL: |  1  2  3  4  5  6  7  8  9 10 11 12 13 14 15 16 17 18 19 20 21 22 23 24 25 26 27 |
---------------+----------------------------------------------------------------------------------+-----
Spellcasting   | 3 5 6 7 9 11 12 13 14 16 18 27 | 27.0
Earth Magic    | 5 6 7 8 9 11 12 13 27 | 27.0
Conjurations   | 1 3 5 7 9 11 12 14 16 17 18 20 21 22 27 | 27.0
Fire Magic     | 4 8 12 27 | 27.0
Evocations     | 8 |  8.0
Fighting       | 1 4 8 12 27 | 27.0
Summonings     | 8 10 12 21 | 21.0
Dodging        | 6 8 14 | 14.9
Shields        | 8 11 14 16 19 | 19.7
Armour         | 3 4 14 | 14.6
Air Magic      | 6 8 11 15 18 19 20 22 24 27 | 27.0
Necromancy     | 22 | 22.7
Transmutations | 12 | 12.0
Staves         | 20 | 20.8
Ice Magic      | 14 | 14.5
Stealth        | |  1.4

Action                     |  1- 3 |  4- 6 |  7- 9 | 10-12 | 13-15 | 16-18 | 19-21 | 22-24 | 25-27 || total
---------------------------+-------+-------+-------+-------+-------+-------+-------+-------+-------++-------
  Melee: Dagger            |       |       |     1 |       |       |       |       |       |       ||     1
         Staff             |       |       |       |     1 |     5 |     3 |     7 |     5 |    39 ||    60
   Cast: Sandblast         |    17 |    57 |   102 |   187 |    70 |    72 |    28 |   138 |   193 ||   864
         Passwall          |       |     6 |    10 |     5 |     6 |     2 |    12 |       |     3 ||    44
         Stone Arrow       |       |       |    34 |   120 |    16 |    15 |       |     3 |       ||   188
         Fireball          |       |       |       |    28 |   149 |   204 |   320 |    35 |     2 ||   738
         Irradiate         |       |       |       |       |    12 |     7 |     8 |    15 |     1 ||    43
         Spellforged Servi |       |       |       |       |       |    18 |    31 |    20 |    48 ||   117
         Iron Shot         |       |       |       |       |       |     1 |    39 |     9 |    10 ||    59
         Plasma Beam       |       |       |       |       |       |     1 |    29 |     7 |     6 ||    43
         Chain Lightning   |       |       |       |       |       |       |       |       |  1754 ||  1754
         Shatter           |       |       |       |       |       |       |       |       |   164 ||   164
         Necromutation     |       |       |       |       |       |       |       |       |    89 ||    89
         Fire Storm        |       |       |       |       |       |       |       |       |    75 ||    75
         Statue Form       |       |       |       |       |       |       |       |       |     7 ||     7
         Summon Horrible T |       |       |       |       |       |       |       |       |     2 ||     2
         Blink             |       |       |       |       |       |       |       |       |     1 ||     1
Ability: End Transformatio |       |       |       |       |       |       |       |       |    16 ||    16
  Evoke: Lightning rod     |       |       |       |       |     4 |     2 |     2 |       |     4 ||    12
         Wand              |       |       |       |       |     2 |       |     4 |     5 |     9 ||    20
         Box of beasts     |       |       |       |       |       |       |     1 |       |       ||     1
         Tin of tremorston |       |       |       |       |       |       |     1 |       |       ||     1
    Use: Scroll            |       |     1 |       |    10 |    12 |     8 |    10 |     3 |    47 ||    91
         Potion            |       |       |       |     2 |     2 |       |     2 |     2 |    37 ||    45
 Armour: Robe              |     1 |     9 |    10 |       |       |       |       |       |       ||    20
         Steam dragon scal |       |       |    14 |    75 |       |       |       |       |       ||    89
         Troll leather arm |       |       |       |     2 |    16 |       |       |       |       ||    18
         Leather armour    |       |       |       |       |    30 |    40 |    31 |    38 |   198 ||   337
         Skin              |       |       |       |       |       |       |       |       |    13 ||    13
  Dodge: Dodged            |     3 |    20 |    29 |   116 |    65 |    24 |    49 |    48 |   207 ||   561
  Block: Kite shield       |       |       |       |       |    28 |    90 |   135 |   127 |   416 ||   796
